 Dungeon Crawl Stone Soup version 0.28.0-45-g0d030f2227 (webtiles) character file.

Game seed: 9389264481183862889

597174 mortz the Sorcerer (level 26, -1/179 HPs)
             Began as a Purple Draconian Conjurer on Apr 6, 2022.
             Was the Champion of Vehumet.
             Slain by a tentacled monstrosity (7 damage)
             ... on level 5 of the Realm of Zot on Apr 10, 2022.
             The game lasted 13:55:05 (83379 turns).

mortz the Sorcerer (Purple Draconian Conjurer)     Turns: 83379, Time: 13:55:05

Health: -1/179     AC: 23    Str:  9    XL:     26   Next: 38%
Magic:  21/72      EV:  4    Int: 35    God:    Vehumet [******]
Gold:   6131       SH:  0    Dex: 11    Spells: 4/78 levels left

rFire   + + +      SeeInvis .   a - +8 spear "Rasutasm" {venom, rPois rF+ rN+ Int+2, polearm}
rCold   + + +      Faith    .   j - +2 buckler {AC+3}
rNeg    + . .      Spirit   .   (armour unavailable)
rPois   +          Reflect  .   i - +3 hat of Pondering {ponderous, Will+ MP+10 Int+5}
rElec   .          Harm     .   X - scarf {rC+ rF+}
rCorr   +          Rampage  +   U - +1 pair of gloves
Will    ++++.      Clarity  +   l - +2 pair of boots {Stlth+}
Stlth   +++.......              D - amulet "Ruom" {RegenMP Rampage rF+++ rCorr Int-2}
HPRegen 0.39/turn               c - ring of magical power
MPRegen 0.83/turn               H - ring "Gedaen" {*Slow Fly rF++ rC+++ Int+2}

@: silenced (expiring), flying, held, constricted, studying Axes, slow
A: breathe power, AC +12, unfitting armour, cold-blooded, clarity, weak 1
}: 3/15 runes: barnacled, silver, gossamer
a: Breathe Dispelling Energy, Renounce Religion


You were on level 5 of the Realm of Zot.
You worshipped Vehumet.
Vehumet was exalted by your worship.
You visited 10 branches of the dungeon, and saw 49 of its levels.

You collected 9476 gold pieces.
You spent 3345 gold pieces at shops.


Innate Abilities, Weirdness & Mutations

You can breathe bolts of dispelling energy.
Your rich purple scales are hard. (AC +12)
You cannot fit into any form of body armour.
You are cold-blooded and may be slowed by cold attacks.
You possess an exceptional clarity of mind.
You are weak. (Str -2)


   Skills:
 - Level 3.7 Fighting
 - Level 3.2(3.3) Axes
 - Level 0.7(2.1) Polearms
 - Level 6.0 Dodging
 - Level 5.5 Stealth
 - Level 5.3 Shields
 - Level 26.9 Spellcasting
 - Level 20.1 Conjurations
 - Level 10.9 Translocations
 + Level 26.0 Fire Magic
 - Level 3.2 Ice Magic
 - Level 22.6 Earth Magic
 - Level 0.9 Evocations


You had 4 spell levels left.
You knew the following spells:

 Your Spells              Type           Power      Damage    Failure   Level
a - Ignition              Fire           62%        3d17      1%          8
b - Fire Storm            Conj/Fire      59%        8d15      1%          9
c - Iskenderun's Mystic   Conj/Tloc      100%       2d19      0%          4
d - Dispersal             Tloc           44%        N/A       1%          6
e - Shatter               Erth           58%        3d44*     1%          9
f - Fireball              Conj/Fire      59%        3d23      0%          5
g - Lee's Rapid Deconstr  Erth           58%        3d28*     0%          5
h - Hailstorm             Conj/Ice       91%        3d18      1%          4
i - Iron Shot             Conj/Erth      57%        9d11      0%          6
j - Orb of Destruction    Conj           56%        9d14      1%          7
l - Lehudib's Crystal Sp  Conj/Erth      57%        10d13     1%          8
m - Blink                 Tloc           100%       N/A       0%          2
n - Apportation           Tloc           100%       N/A       0%          1

Your spell library contained the following spells:

 Spells                   Type           Power      Damage    Failure   Level
 Polar Vortex             Ice            31%        N/A       100%        9
 Foxfire                  Conj/Fire      100%       2x1d9     0%          1
 Magic Dart               Conj           100%       1d8       0%          1
 Passwall                 Tmut/Erth      75%        N/A       0%          2
 Searing Ray              Conj           100%       2d8       0%          2
 Conjure Flame            Conj/Fire      100%       6-21      0%          3
 Stone Arrow              Conj/Erth      100%       3d13      0%          3
 Sticky Flame             Conj/Fire      100%       2d11      0%          4
 Animate Skeleton         Necr           94%        N/A       1%          1
 Slow                     Hex            100%       N/A       1%          1
 Summon Small Mammal      Summ           100%       N/A       1%          1
 Call Imp                 Summ           47%        N/A       1%          2
 Corpse Rot               Necr/Air       94%        N/A       1%          2
 Ensorcelled Hibernation  Hex/Ice        100%       N/A       1%          2
 Sublimation of Blood     Necr           47%        N/A       1%          2
 Call Canine Familiar     Summ           47%        N/A       1%          3
 Confusing Touch          Hex            47%        N/A       1%          3
 Dazzling Flash           Conj/Hex       100%       N/A       1%          3
 Gell's Gravitas          Tloc           89%        N/A       1%          3
 Ignite Poison            Fire/Tmut/Pois 82%        N/A       1%          3
 Lesser Beckoning         Tloc           89%        N/A       1%          3
 Mephitic Cloud           Conj/Pois/Air  76%        N/A       1%          3
 Ozocubu's Armour         Ice            62%        N/A       1%          3
 Spider Form              Tmut/Pois      47%        N/A       1%          3
 Summon Guardian Golem    Hex/Summ       47%        N/A       1%          3
 Swiftness                Air            47%        N/A       1%          3
 Teleport Other           Tloc           89%        N/A       1%          3
 Tukima's Dance           Hex            47%        N/A       1%          3
 Vampiric Draining        Necr           47%        2d9       1%          3
 Airstrike                Air            23%        N/A       1%          4
 Fulminant Prism          Conj/Hex       43%        3d20      1%          4
 Leda's Liquefaction      Hex/Erth       45%        N/A       1%          4
 Passage of Golubria      Tloc           89%        N/A       1%          4
 Petrify                  Tmut/Erth      90%        N/A       1%          4
 Ice Form                 Ice/Tmut       55%        N/A       3%          4
 Summon Ice Beast         Ice/Summ       55%        N/A       3%          4
 Anguish                  Hex/Necr       23%        N/A       5%          4
 Animate Dead             Necr           23%        N/A       5%          4
 Cause Fear               Hex            23%        N/A       5%          4
 Dispel Undead            Necr           47%        3d18      5%          4
 Summon Lightning Spire   Summ/Air       47%        N/A       5%          4
 Iskenderun's Battlesphe  Conj           100%       2d15      0%          5
 Starburst                Conj/Fire      59%        6d16      0%          6
 Borgnjor's Vile Clutch   Necr/Erth      45%        N/A       1%          5
 Freezing Cloud           Conj/Ice/Air   39%        6-21      1%          5
 Irradiate                Conj/Tmut      43%        3d28      1%          5
 Lightning Bolt           Conj/Air       43%        1d63      1%          5
 Manifold Assault         Tloc           89%        N/A       1%          5
 Summon Forest            Summ/Tloc      35%        N/A       1%          5
 Statue Form              Tmut/Erth      60%        N/A       1%          6
 Spellforged Servitor     Conj/Summ      43%        N/A       2%          7
 Yara's Violent Unravell  Hex/Tmut       23%        3d10      4%          5
 Alistair's Intoxication  Tmut/Pois      31%        N/A       16%         5
 Silence                  Hex/Air        23%        N/A       16%         5
 Summon Mana Viper        Hex/Summ       47%        N/A       16%         5
 Ozocubu's Refrigeration  Ice            31%        4d11      30%         7
 Disjunction              Tloc           44%        N/A       38%         8
 Simulacrum               Ice/Necr       27%        N/A       41%         6
 Malign Gateway           Summ/Tloc      35%        N/A       45%         7
 Death Channel            Necr           23%        N/A       65%         6
 Summon Cactus Giant      Summ           23%        N/A       65%         6
 Dragon Form              Tmut           23%        N/A       99%         7
 Enfeeble                 Hex            23%        N/A       99%         7
 Haunt                    Necr/Summ      23%        N/A       99%         7
 Storm Form               Tmut/Air       23%        N/A       99%         7
 Borgnjor's Revivificati  Necr           23%        N/A       100%        8
 Infestation              Necr           23%        N/A       100%        8
 Maxwell's Capacitive Co  Air            23%        ∞         100%        8
 Necromutation            Tmut/Necr      23%        N/A       100%        8
 Summon Horrible Things   Summ           23%        N/A       100%        8
 Death's Door             Necr           23%        N/A       100%        9
 Dragon's Call            Summ           23%        N/A       100%        9
 Animate Armour           Summ/Erth      Unusable   N/A       N/A         4

Inventory:

Hand Weapons
 a - the +8 spear "Rasutasm" (weapon) {venom, rPois rF+ rN+ Int+2, polearm}
   (You found it on level 2 of the Shoals)

   It poisons the flesh of those it strikes.
   Int:       It affects your intelligence (+2).
   rF:        It protects you from fire.
   rPois:     It protects you from poison.
   rN:        It protects you from negative energy.
 g - the +11 scimitar of Utya {speed, Fly rF- Dex+9, long}
   (You took it off a green draconian on level 4 of the Depths)

   Attacks with this weapon are significantly faster.
   Dex:       It affects your dexterity (+9).
   rF:        It makes you vulnerable to fire.
   Fly:       It grants you flight.
 p - the +7 pair of quick blades "Gyre" and "Gimble" {protect, shortrare=g}
   (You found it on level 5 of the Vaults)

   It grants its wielder temporary protection when it strikes (+7 to AC).
 A - the +7 rapier of Moral Flaws {protect, Int+6, short}
   (You took it off a hell knight on level 3 of the Depths)

   It grants its wielder temporary protection when it strikes (+7 to AC).
   Int:       It affects your intelligence (+6).
 M - the +8 morningstar of Dishonour {antimagic, Fragile rPois rCorr Stlth+, mace}
   (You found it on level 2 of the Realm of Zot)

   It reduces the magical energy of the wielder, and disrupts the spells and
   magical abilities of those it strikes.
   Natural abilities and divine invocations are not affected.
   rPois:     It protects you from poison.
   rCorr:     It protects you from acid and corrosion.
   Fragile:   It will be destroyed if unequipped.
   Stlth:     It makes you more stealthy.
Armour
 i - the +3 hat of Pondering (worn) {ponderous, Will+ MP+10 Int+5}
   (You took it off Gastronok on level 8 of the Dungeon)

   Int:       It affects your intelligence (+5).
   MP:        It affects your magic capacity (+10).
   Will:      It increases your willpower.
 j - a +2 buckler of protection (worn)
   (You took it off the Enchantress on level 1 of the Depths)
 l - a +2 pair of boots of stealth (worn)
   (You found it on level 4 of the Spider Nest)
 U - a +1 pair of gloves (worn)
   (You found it on level 1 of the Lair of Beasts)
 X - a scarf of resistance (worn)
   (You found it on level 4 of the Spider Nest)
Magical Staves
 r - a staff of conjuration {!a@e2staff}
   (You found it on level 7 of the Dungeon)
 T - a staff of fire {!astaff}
   (You acquired it on level 3 of the Realm of Zot)
Jewellery
 b - the amulet "Fyrithihan" {Reflect Fly rC+ Will+ SH+5 Stlth+}
   (You found it on level 5 of the Vaults)

   [amulet of reflection]

   It reflects blocked missile attacks.
   rC:        It protects you from cold.
   Fly:       It grants you flight.
   SH:        It affects your SH (+5).
   Will:      It increases your willpower.
   Stlth:     It makes you more stealthy.
 c - a ring of magical power (left hand)
   (You found it on level 1 of the Dungeon)
 f - the ring of the Madman {rPois rN+ Str+4 Int+6 Dex-5 SInv}
   (You found it on level 5 of the Lair of Beasts)

   [ring of intelligence]

   Str:       It affects your strength (+4).
   Int:       It affects your intelligence (+6).
   Dex:       It affects your dexterity (-5).
   rPois:     It protects you from poison.
   rN:        It protects you from negative energy.
   SInv:      It lets you see invisible.
 C - the ring of Obsession {rC- rN+ Will+ Dex+6 SInv}
   (You found it on level 5 of the Dungeon)

   [ring of dexterity]

   Dex:       It affects your dexterity (+6).
   rC:        It makes you vulnerable to cold.
   rN:        It protects you from negative energy.
   SInv:      It lets you see invisible.
   Will:      It increases your willpower.
 D - the amulet "Ruom" (around neck) {RegenMP Rampage rF+++ rCorr Int-2}
   (You found it on level 3 of the Elven Halls)

   [amulet of magic regeneration]

   It increases your rate of magic regeneration.
   Int:       It affects your intelligence (-2).
   rF:        It renders you almost immune to fire.
   rCorr:     It protects you from acid and corrosion.
   Rampage:   It bestows one free step when moving towards enemies.
 H - the ring "Gedaen" (right hand) {*Slow Fly rF++ rC+++ Int+2}
   (You bought it in a shop on level 3 of the Vaults)

   [ring of flight]

   Int:       It affects your intelligence (+2).
   rF:        It greatly protects you from fire.
   rC:        It renders you almost immune to cold.
   Fly:       It grants you flight.
   *Slow:     It may slow you when you take damage.
 P - the amulet of Peudud {Reflect rPois Regen+ SH+5 Stlth+}
   (You found it on level 3 of the Elven Halls)

   [amulet of reflection]

   It reflects blocked missile attacks.
   rPois:     It protects you from poison.
   Regen:     It increases your rate of health regeneration.
   SH:        It affects your SH (+5).
   Stlth:     It makes you more stealthy.
Wands
 q - a wand of polymorph (35)
   (You took it off an orc wizard on level 9 of the Dungeon)
 y - a wand of digging (18)
   (You found it on level 3 of the Shoals)
 K - a wand of charming (23)
   (You found it on level 2 of the Spider Nest)
 N - a wand of acid (38)
   (You found it on level 6 of the Dungeon)
 O - a wand of flame (78)
   (You found it on level 2 of the Lair of Beasts)
 R - a wand of paralysis (30)
   (You found it on level 9 of the Dungeon)
 W - a wand of iceblast (16)
   (You found it on level 1 of the Elven Halls)
 Y - a wand of mindburst (27)
   (You found it on level 3 of the Lair of Beasts)
Scrolls
 e - 2 scrolls of magic mapping {!r}
 h - 22 scrolls of teleportation {@r4}
 k - 12 scrolls of blinking {!r}
 n - 8 scrolls of fear
 o - 25 scrolls of identify {@r1}
 t - 6 scrolls of holy word
 u - 6 scrolls of enchant weapon
 v - 7 scrolls of fog
 w - 5 scrolls of amnesia
 B - a scroll of summoning
Potions
 d - 23 potions of curing {@q1}
 m - 8 potions of brilliance
 s - 6 potions of attraction {!q}
 z - 5 potions of heal wounds {@q2}
 E - a potion of cancellation
 F - 2 potions of magic
 I - 8 potions of mutation {!q}
 J - 4 potions of resistance
 L - 2 potions of haste {@q3}
Miscellaneous
 x - a box of beasts
   (You found it on level 3 of the Depths)
 G - a lightning rod (4/4)
   (You found it on level 3 of the Elven Halls)
 Q - a phantom mirror
   (You found it on level 2 of the Spider Nest)
 S - a condenser vane
   (You found it on level 4 of the Depths)
 V - a tin of tremorstones (2/2) {throwing}
   (You found it on level 2 of the Elven Halls)
 Z - a phial of floods
   (You found it on level 1 of the Elven Halls)

Dungeon Overview and Level Annotations

Branches:
Dungeon (15/15)            Temple (1/1) D:6            Lair (6/6) D:10
 Shoals (4/4) Lair:3       Spider (4/4) Lair:4        Slime (0/5) Lair:5
    Orc (2/2) D:12            Elf (3/3) Orc:2        Vaults (5/5) D:14
  Crypt (0/3) Vaults:2     Depths (4/4) D:15            Zot (5/5) Depths:4

Altars:
Ashenzari
Cheibriados
Dithmenos
Elyvilon
Fedhas
Gozag
Hepliaklqana
Kikubaaqudgha
Makhleb
Nemelex Xobeh
Okawaru
Qazlal
Ru
Sif Muna
Trog
Uskayaw
Vehumet
Wu Jian
Xom
Yredelemnul
Zin
The Shining One
Beogh
Jiyva

Shops:
D:4 [   D:5 (   Orc:1 [(   Orc:2 [*:=   Elf:3 [*   Vaults:1 !   Vaults:2 :
Vaults:3 *?[=:   Vaults:4 [*[   Depths:1 :=:*:*:*

Portals:
Hell: Depths:1 Depths:2 Depths:3 Depths:4
Abyss: Depths:2 Depths:3
Pandemonium: Depths:2
Ziggurat: Depths:2
Trove: D:14 (give +3 shadow dragon scales)

Annotations:
Shoals:1 Roxanne
Spider:2 3 runed translucent doors, Beorghan's ghost, adept MiBe
Vaults:4 1 runed translucent door, SpeedRobin's ghost, adept DDFi
Depths:2 1 runed translucent door, crimpus's ghost, adept MiFi
Depths:3 3 runed translucent doors
Zot:3 1 transporter

##..^..........## **,,,,,,,,,,,,
#.........)...# **,,,,^,,,,,,,,
##...........## *,,,,,,,,,,,,,,
#...^.......# *,,,,,,^,,^,,,,
##...........## *,,,^,,,.,,,,,,
#..^..........# *,,,,,,).,,,,,,
##.............## *,,^,,...,,,,,,
#...............##*,,,,....,,,,,,
...###########..@###,,)....,,,,,,
..## ##.Xp.##......,,,,,, ###
###..†^).)..^,,,,,, #
#▓▓▓▓▓▓▓▓▓▓***,,,
****,,,,,,,,,,,, **
***,,,,,,,,,,,,,,, ,**
**,,,,,,,,,,,^,,,,, ,,* *********
*,,,,,,,,,,,,,,^,,,
,^***,,,,,,,***,,,,,,,,,,,,,,,,,,


You could see a Killer Klown and a tentacled monstrosity (berserk).


Message History

The Killer Klown does a somersault.
You block the Killer Klown's attack. 😕 HP[+1] MP[-7]
You lost 7 mp, and now have 24/72 mp.
Casting: Ignition (mildly dangerous; 1% risk of failure)
Confirm with . or Enter, or press ? or * to list all spells.
You erupt in a blast of force!
The mystic blast hits the moth of wrath!
The moth of wrath is knocked back by the mystic blast.
The moth of wrath slams into the unnaturally hard rock wall!
The moth of wrath fails to trigger a net trap.
The mystic blast hits the Killer Klown but does no damage.
The mystic blast hits the tentacled monstrosity!
An electric golem comes into view.
You block the Killer Klown's attack.
The tentacled monstrosity tentacle-slaps you.
The tentacled monstrosity tentacle-slaps you!
The tentacled monstrosity tentacle-slaps you but does no damage.
The tentacled monstrosity grabs you.
The tentacled monstrosity constricts you.
The Killer Klown prods you but does no damage.
You block the tentacled monstrosity's attack.
The tentacled monstrosity tentacle-slaps you but does no damage.
The tentacled monstrosity barely misses you.
The tentacled monstrosity constricts you. 😕 HP[-18] MP[-3]
You take 18 damage, and now have 143/179 hp.
You lost 3 mp, and now have 21/72 mp.
Casting: Iskenderun's Mystic Blast (safe; 0% risk of failure)
Confirm with . or Enter, or press ? or * to list all spells.
You erupt in a blast of force!
The mystic blast hits the moth of wrath!
You kill the moth of wrath!
Vehumet accepts your kill.
You feel your power returning.
The mystic blast hits the Killer Klown but does no damage.
The mystic blast hits the tentacled monstrosity!!
The Killer Klown drops a net on you.
You become entangled in the net!
The tentacled monstrosity tentacle-slaps you but does no damage. x3
The tentacled monstrosity constricts you.
The Killer Klown pies you viciously! The klown pie hits you!!
Blueberry!
An unnatural silence engulfs you.
The Killer Klown blinks! 😮 HP[-29] MP[-2]
You take 29 damage, and now have 114/179 hp.
You lost 2 mp, and now have 19/72 mp.
You cannot cast spells when silenced!
You struggle against the net.
The tentacled monstrosity tentacle-slaps you!
The tentacled monstrosity tentacle-slaps you but does no damage. x2
The tentacled monstrosity constricts you.
The Killer Klown teases you with a +10 club of flaming.
* * * LOW HITPOINT WARNING * * *
The tentacled monstrosity tentacle-slaps you!
* * * LOW HITPOINT WARNING * * *
The tentacled monstrosity tentacle-slaps you.
* * * LOW HITPOINT WARNING * * *
The tentacled monstrosity tentacle-slaps you but does no damage.
The tentacled monstrosity constricts you.
* * * LOW HITPOINT WARNING * * *
😨 HP[-45] MP[+1]
You take 45 damage, and now have 69/179 hp.
MASSIVE DAMAGE!! (PAUSE)
You cannot cast spells when silenced!
Aiming: Iceblast
Press: ? - help, Q - select action, (/) - cycle Shift-Dir - straight line
Okay, then.
Aiming: Mindburst
Press: ? - help, Q - select action, (/) - cycle Shift-Dir - straight line, f - Killer Klown
Aim: a Killer Klown, wielding a +10 club of flaming (heavily wounded, chance to affect: 0%)
The Killer Klown resists with almost no effort.
The Killer Klown strangle-hugs you with a +10 club of flaming!!
* * * LOW HITPOINT WARNING * * *
The Killer Klown burns you.
* * * LOW HITPOINT WARNING * * *
The tentacled monstrosity tentacle-slaps you.
* * * LOW HITPOINT WARNING * * *
The tentacled monstrosity tentacle-slaps you but does no damage.
The tentacled monstrosity tentacle-slaps you!
* * * LOW HITPOINT WARNING * * *
The tentacled monstrosity constricts you.
* * * LOW HITPOINT WARNING * * *
The Killer Klown strangle-hugs you with a +10 club of flaming!!
* * * LOW HITPOINT WARNING * * *
The Killer Klown burns you.
* * * LOW HITPOINT WARNING * * *
😱 HP[-63]
You take 63 damage, and now have 6/179 hp.
MASSIVE DAMAGE!! (PAUSE)
You feel much better.
The tentacled monstrosity tentacle-slaps you but does no damage.
The tentacled monstrosity tentacle-slaps you!
* * * LOW HITPOINT WARNING * * *
The tentacled monstrosity barely misses you.
The tentacled monstrosity constricts you.
The Killer Klown pokes you with a +10 club of flaming!
* * * LOW HITPOINT WARNING * * *
The tentacled monstrosity tentacle-slaps you!
You die...

Skill      XL: |  1  2  3  4  5  6  7  8  9 10 11 12 13 14 15 16 17 18 19 20 21 22 23 24 25 26 |
---------------+-------------------------------------------------------------------------------+-----
Dodging        | 2 3 4 5 6 |  6.0
Conjurations   | 5 6 7 8 9 11 12 13 14 15 16 17 18 19 20 | 20.1
Stealth        | 2 3 4 5 |  5.5
Spellcasting   | 3 5 6 7 8 9 11 13 14 16 17 18 20 21 22 24 25 26 | 26.9
Fighting       | 1 2 3 |  3.7
Axes           | 2 3 |  3.2
Shields        | 2 3 4 5 |  5.3
Translocations | 3 4 6 7 8 9 10 | 10.9
Fire Magic     | 1 3 5 6 7 8 10 12 15 20 24 26 | 26.0
Earth Magic    | 1 3 5 6 9 11 13 15 16 18 19 20 21 22 | 22.6
Ice Magic      | 1 3 |  3.2
Polearms       | |  0.7
Evocations     | |  0.9

Action                   |  1- 3 |  4- 6 |  7- 9 | 10-12 | 13-15 | 16-18 | 19-21 | 22-24 | 25-27 || total
-------------------------+-------+-------+-------+-------+-------+-------+-------+-------+-------++-------
Melee: Tailslap          |     1 |       |    11 |       |       |       |     8 |       |     3 ||    23
       Dagger            |     1 |       |       |       |       |       |       |       |       ||     1
       Hand axe          |       |     7 |    39 |       |       |       |       |       |       ||    46
       Demon trident     |       |       |       |       |       |     2 |       |       |       ||     2
       Spear             |       |       |       |       |       |       |    14 |       |     4 ||    18
 Cast: Magic Dart        |    63 |    60 |    75 |   150 |   158 |     7 |     1 |       |       ||   514
       Searing Ray       |     8 |    23 |    59 |    50 |     7 |     1 |     2 |       |       ||   150
       Stone Arrow       |       |       |       |   131 |   180 |     3 |       |       |       ||   314
       Iskenderun's Myst |       |       |       |    66 |   174 |   168 |   129 |   108 |    48 ||   693
       Lee's Rapid Decon |       |       |       |     1 |   124 |   202 |   120 |   134 |    56 ||   637
       Hailstorm         |       |       |       |     1 |     3 |       |     3 |     1 |       ||     8
       Foxfire           |       |       |       |       |    52 |     1 |       |       |       ||    53
       Fireball          |       |       |       |       |   200 |   228 |   233 |   180 |    19 ||   860
       Iskenderun's Batt |       |       |       |       |     2 |     5 |     3 |     1 |       ||    11
       Orb of Destructio |       |       |       |       |    24 |    32 |    12 |    18 |    30 ||   116
       Iron Shot         |       |       |       |       |    18 |   147 |    85 |    48 |    40 ||   338
       Lehudib's Crystal |       |       |       |       |       |    37 |    98 |   232 |    90 ||   457
       Shatter           |       |       |       |       |       |     1 |       |       |     2 ||     3
       Blink             |       |       |       |       |       |       |     1 |       |       ||     1
       Ignition          |       |       |       |       |       |       |       |    70 |    92 ||   162
 Abil: Breathe Dispellin |       |       |    19 |    34 |    10 |     3 |     3 |     1 |       ||    70
Evoke: Wand              |       |       |       |     2 |       |     1 |       |       |     1 ||     4
       Phantom mirror    |       |       |       |       |       |       |     1 |       |       ||     1
  Use: Scroll            |       |     5 |     9 |     8 |     9 |     9 |     3 |    11 |     8 ||    62
       Potion            |       |       |       |       |     1 |     1 |     1 |    10 |     3 ||    16
Armor: Skin              |       |     3 |    34 |    37 |    35 |    61 |    32 |    43 |    71 ||   316
Dodge: Dodged            |     2 |    10 |    58 |    54 |    53 |    80 |    48 |    57 |    61 ||   423
Block: Kite shield       |       |     5 |    42 |    40 |    31 |       |       |       |       ||   118
       Buckler           |       |       |       |       |    13 |    37 |    21 |    22 |    42 ||   135

Levels and vault maps discovered:
D:1:      lemuel_arrival_behind_the_door_small, layout_loops_cross,
          dreamdust_ecumenical_altar_grove
D:2:      layout_basic, uniq_robin
D:3:      layout_basic, serial_bayou_lagoon_a
D:4:      nicolae_BIG_FREAKIN_CUBE, layout_basic, serial_shops,
          nicolae_shop_hallway_stairs, corner_web_ring, minmay_small_thing
D:5:      layout_gridville, kennysheep_windowed_goal
D:6:      layout_gridville, mainiacjoe_overflow_alcove_4,
          minmay_temple_entry_stoned_glass, ebering_ghost_rock_garden,
          nrook_campfire, abandoned_shop
D:7:      layout_loops_ring
D:8:      minmay_opposing_rooms, layout_loops_ring, uniq_gastronok, uniq_erica
D:9:      layout_loops_ring, kennysheep_generic_room_2, uniq_pikel, uniq_psyche
D:10:     layout_cave_pods, grunt_lair_entry_orc_guard_hut
D:11:     layout_grid_maze, nzn_makhleb_speed_demon
D:12:     minmay_heptahexagon, layout_basic, zombieorc2_lemuel
D:13:     layout_basic, jiyva_altar_1, uniq_urug
D:14:     minmay_four_partial_circles, layout_basic, david_vaults_2,
          fountainhead, nicolae_trove_entry_diagonal
D:15:     grunt_enter_depths_magical_seal, layout_loops_ring,
          serial_bayou_pond_c, grunt_gozag_statues
Temple:   roderic_octagonal_lattice_temple
Lair:1:   layout_regular_city
Lair:2:   layout_loops_ring, uniq_harold
Lair:3:   layout_cave_pods, minmay_shoals_entry_centaurs, basic_altar,
          grunt_megastairs_3, serial_bayou_shore_b
Lair:4:   layout_loops_ring, nicolae_spider_entry_tight_spaces,
          bh_autumn_forest_stairs, uniq_nessos
Lair:5:   layout_gridlike, nicolae_slime_entry_slimehenge,
          gauntlet_entry_generic
Lair:6:   due_jungle_book, layout_cave_pods, ice2_lemuel, grunt_megastairs_2
Shoals:1: layout_shoals, uniq_roxanne
Shoals:2: layout_shoals, nicolae_shoals_mertower
Shoals:3: layout_shoals, nicolae_shoals_lost_giant_baths,
          nicolae_shoals_arrival_archipelago
Shoals:4: shoals_end_hellmonk_storm_palace [storm_palace_center_ruins,
          storm_palace_corner_narrow, storm_palace_corner_narrow,
          storm_palace_corner_grid, storm_palace_corner_grid], uniq_donald,
          uniq_polyphemus
Spider:1: layout_spider_delve, nicolae_crawler_farm
Spider:2: nicolae_spider_mines_2, gammafunk_ghost_necromancy,
          hangedman_spider_trapstep
Spider:3: layout_chambers
Spider:4: hellmonk_spider_rune_endless_swarm
Orc:1:    layout_caves, serial_shops, nicolae_shop_crystal, shop_statue,
          mines2_david
Orc:2:    st_orc_pillars, layout_diamond_mine, nicolae_orc_sculptors_studio,
          minmay_orc_temple_a, uniq_rupert, uniq_josephine
Elf:1:    eino_elf_arrival_sip, layout_gridlike, minivault_28
Elf:2:    nicolae_elf_blades_crystal_corner, layout_onion_city,
          amcnicky_mini_pool_small, serial_sigils_hangedman_shear,
          einodemon_barbed_minivault
Elf:3:    elf_hall, layout_onion_city, minmay_shop_star
Vaults:1: portal_desolation_entry_nicolae_nacl, vaults_room_semicircle,
          nicolae_vaults_little_squares_5, v_misc_33,
          nicolae_vaults_little_squares_1, v_misc_29,
          grunt_vaults_hallway_short, nicolae_vaults_sealed_display,
          layout_vaults_quadrants, serial_shops, nicolae_diamond_shop
Vaults:2: minmay_crypt_entry_necro_gods, st_quartered_hall,
          ontoclasm_vaults_hangar, hangedman_vaults_stitches,
          vaults_room_door_ring, ontoclasm_vaults_bender, v_misc_5,
          vaults_room_pools, v_misc_26, ontoclasm_vaults_decontamination,
          v_misc_30, vaults_room_semicircle, nicolae_vaults_theta, v_misc_22,
          layout_vaults_omnibox, serial_shops, shop_statue, uniq_mara
Vaults:3: gammafunk_ghost_grave, hangedman_vaults_nails, v_misc_30,
          hangedman_vaults_trim, ontoclasm_vaults_shout,
          nicolae_vaults_little_squares_5, ontoclasm_vaults_twist,
          nicolae_vaults_network_s, v_misc_4, ontoclasm_vaults_claustrophobia,
          hangedman_vaults_slice, vaults_room_pools, layout_vaults_omnicross,
          serial_shops, shop, shop, nicolae_shop_stone, shop, shop
Vaults:4: ebering_ghost_reflecting_pool, nicolae_vaults_good_morning_starshine,
          vaults_room_semicircle, nicolae_vaults_network_quinsquares
          [nicolae_vaults_network_quincunx_subvault,
          nicolae_vaults_network_quincunx_subvault,
          nicolae_vaults_network_quincunx_subvault,
          nicolae_vaults_network_quincunx_subvault], ontoclasm_vaults_ligature,
          vaults_standard_mumra_lines, nicolae_vaults_border_crossing,
          vaults_standard_mumra_enter_the_diamond, v_misc_18,
          nicolae_vaults_specimen_jars, nicolae_vaults_little_squares_4,
          nicolae_vaults_network_periphery, vaults_dpeg_ring,
          layout_vaults_maze_snakey, serial_shops, bzr_entry_customers,
          nicolae_shop_stone, shop, shop
Vaults:5
Depths:1: layout_cave_shapes, serial_shops, nicolae_shop_behind_doors,
          nicolae_shop_behind_doors, shop, shop, nicolae_shop_stone,
          pf_dread_powers_of_hell, serial_sigils_hangedman_confine,
          grunt_ministairs_7, hangedman_research_geology, grunt_megastairs_5,
          minmay_shop_grove, uniq_enchantress
Depths:2: minmay_box_of_statues, layout_gridlike, enter_ziggurat_b,
          elyvilon_altar_1, hellmonk_ghost_happy_afterlife,
          rand_demon_pan_entry_3, abyss_entry_crystal, hell_entry
Depths:3: minmay_the_grid_ultimate [minmay_the_grid_prize_four_corners,
          minmay_the_grid_prize_diamond_cup,
          minmay_the_grid_prize_four_corners_diamond_a,
          minmay_the_grid_prize_inner_circle,
          minmay_the_grid_square_5x5_two_walls_a,
          minmay_the_grid_square_5x5_six, minmay_the_grid_square_5x5_misaligned,
          minmay_the_grid_square_5x5_beaten_path,
          minmay_the_grid_square_5x5_bracketed,
          minmay_the_grid_square_5x5_checkered,
          minmay_the_grid_square_5x5_hourglass, minmay_the_grid_square_5x5_mess,
          minmay_the_grid_square_5x5_three, minmay_the_grid_square_5x5_inner_i,
          minmay_the_grid_square_5x5_eight, minmay_the_grid_square_5x5_corner,
          minmay_the_grid_square_5x5_shrine2, minmay_the_grid_square_5x5_seven,
          minmay_the_grid_square_5x5_almost_minimal,
          minmay_the_grid_triangle_9x9_odd_lines,
          minmay_the_grid_triangle_9x9_negative_grid,
          minmay_the_grid_triangle_9x9_zippers_vertical,
          minmay_the_grid_triangle_9x9_descending_squares,
          minmay_the_grid_triangle_9x9_corruption,
          minmay_the_grid_triangle_9x9_alien,
          minmay_the_grid_triangle_9x9_semitri,
          minmay_the_grid_triangle_9x9_steps,
          minmay_the_grid_triangle_9x9_limited_checkers,
          minmay_the_grid_triangle_9x9_minimal,
          minmay_the_grid_triangle_9x9_shrine,
          minmay_the_grid_triangle_9x9_fully_insulated_deathbox,
          minmay_the_grid_triangle_9x9_checkered,
          minmay_the_grid_triangle_9x9_sprig,
          minmay_the_grid_triangle_9x9_pentomino_pain,
          minmay_the_grid_triangle_9x9_cache, minmay_the_grid_square_5x5_lines,
          minmay_the_grid_octo_checkered, minmay_the_grid_octo_fat_diamond,
          minmay_the_grid_octo_vomiting_pacman, minmay_the_grid_octo_clover_2,
          minmay_the_grid_octo_toaster, minmay_the_grid_octo_77,
          minmay_the_grid_octo_tetromino_candy, minmay_the_grid_octo_pinwheel,
          minmay_the_grid_x, minmay_the_grid_eight, minmay_the_grid_mess,
          minmay_the_grid_small_cups], abyss_entry, hell_entry
Depths:4: lemuel_castle_with_subvaults [lemuel_castle_interior_carwin_3],
          layout_gridlike, vehumet_crystals, grunt_hell_entry_demonic_statue
Zot:1:    kennysheep_room_grid, layout_gridlike, st_stairs_9, zot_minivault_1
Zot:2:    layout_gridlike, grunt_megastairs_4
Zot:3:    gammafunk_dig_for_victory, layout_misc_corridors
Zot:4:    nicolae_zot_stationary_front, layout_gridlike,
          hangedman_zot_decor_scrapings, st_stairs_10
Zot:5:    layout_gridlike

Notes
Turn   | Place    | Note
-------+----------+-------------------------------------------
     0 | D:1      | mortz the Draconian Conjurer began the quest for the Orb.
     0 | D:1      | Reached XP level 1. HP: 14/14 MP: 3/3
     0 | D:1      | magus.rc [v1.9.6]
    63 | D:1      | Found a faded altar of an unknown god.
   338 | D:1      | Reached XP level 2. HP: 20/20 MP: 5/5
   341 | D:1      | Learned a level 2 spell: Searing Ray
   731 | D:1      | You pick up a book of Displacement and begin reading...
   731 | D:1      | You add the spells Lesser Beckoning, Gell's Gravitas and
                  | Teleport Other to your library.
  1091 | D:2      | Reached XP level 3. HP: 26/26 MP: 6/6
  1200 | D:2      | Reached skill level 2 in Dodging
  1479 | D:2      | Reached skill level 5 in Conjurations
  1728 | D:2      | Noticed Robin
  1731 | D:2      | Killed Robin
  1732 | D:2      | Reached XP level 4. HP: 33/33 MP: 4/7
  2442 | D:3      | Reached skill level 2 in Stealth
  2453 | D:3      | Reached skill level 3 in Spellcasting
  2655 | D:3      | Reached XP level 5. HP: 38/38 MP: 9/9
  3158 | D:4      | Found Holoav's Antique Armour Emporium.
  3349 | D:4      | Reached skill level 6 in Conjurations
  3349 | D:4      | Reached XP level 6. HP: 42/45 MP: 10/11
  3502 | D:4      | Reached skill level 4 in Spellcasting
  3724 | D:4      | Noticed a steam dragon
  4222 | D:5      | Entered Level 5 of the Dungeon
  4306 | D:5      | Identified the ring of Obsession {rC- rN+ Will+ Dex+6 SInv}
  4358 | D:5      | Your scales start taking on a rich purple colour.
  4358 | D:5      | Reached skill level 5 in Spellcasting
  4358 | D:5      | Reached XP level 7. HP: 51/51 MP: 15/15
  4462 | D:4      | Bought a pair of runed boots for 187 gold pieces
  4504 | D:5      | Reached skill level 6 in Spellcasting
  4578 | D:5      | Found Soel Ava's Weapon Boutique.
  4789 | D:5      | Reached skill level 1 in Fighting
  4931 | D:5      | Reached skill level 7 in Conjurations
  5189 | D:5      | Reached skill level 3 in Stealth
  5464 | D:6      | Found an iron altar of Okawaru.
  5534 | D:6      | Noticed a steam dragon
  5634 | D:6      | Reached XP level 8. HP: 59/59 MP: 18/18
  5784 | D:6      | Found a staircase to the Ecumenical Temple.
  5794 | Temple   | Entered the Ecumenical Temple
  5827 | Temple   | Became a worshipper of Vehumet
  6169 | Temple   | Reached skill level 1 in Axes
  6169 | Temple   | Reached skill level 3 in Dodging
  6169 | Temple   | Reached skill level 1 in Shields
  6169 | Temple   | Reached skill level 7 in Spellcasting
  6219 | Temple   | Reached skill level 2 in Axes
  6219 | Temple   | Reached skill level 2 in Shields
  6315 | Temple   | Reached skill level 2 in Fighting
  6315 | Temple   | Reached skill level 8 in Conjurations
  6315 | Temple   | Reached XP level 9. HP: 43/67 MP: 20/20
  6443 | D:6      | Reached skill level 8 in Spellcasting
  6594 | D:6      | Reached skill level 4 in Dodging
  6594 | D:6      | Reached skill level 3 in Shields
  6599 | D:6      | Learned a level 4 spell: Iskenderun's Mystic Blast
  6819 | D:6      | Found a runed translucent gate.
  6819 | D:6      | Found a runed translucent gate.
  6819 | D:6      | Found a runed translucent gate.
  6823 | D:6      | Noticed silky's ghost (amateur MiCK)
  6954 | D:6      | Reached skill level 3 in Axes
  7016 | D:6      | Reached skill level 1 in Translocations
  7196 | D:6      | magus.rc [v1.9.6]
  7313 | D:6      | magus.rc [v1.9.6]
  7485 | D:7      | Reached * piety under Vehumet
  7485 | D:7      | Offered knowledge of Foxfire by Vehumet.
  7489 | D:7      | Learned a level 1 spell: Foxfire
  7555 | D:7      | You pick up a book of Armaments and begin reading...
  7555 | D:7      | You add the spells Stone Arrow and Lehudib's Crystal Spear
                  | to your library.
  7560 | D:7      | Learned a level 3 spell: Stone Arrow
  7863 | D:7      | Noticed a two-headed ogre
  8177 | D:7      | Killed a two-headed ogre
  8178 | D:7      | Reached skill level 2 in Translocations
  8178 | D:7      | Reached skill level 1 in Fire Magic
  8178 | D:7      | Reached skill level 1 in Earth Magic
  8242 | D:8      | Noticed Erica
  8331 | D:8      | Reached skill level 3 in Translocations
  8387 | D:8      | Noticed a cyclops
  8436 | D:8      | Reached XP level 10. HP: 51/74 MP: 21/22
  8595 | D:8      | Identified the +2 robe "Ruarphih" {Rampage Archmagi}
  8635 | D:8      | Noticed a brown ugly thing
  8843 | D:8      | Noticed Gastronok
  8843 | D:8      | Gastronok the Ponderous comes into view. He is wearing the
                  | +3 hat of Pondering {ponderous, Will+ MP+10 Int+5}.
  8844 | D:8      | Aim: Gastronok, wearing the +3 hat of Pondering {ponderous,
                  | Will+ MP+10 Int+5} (100% to hit)
  8856 | D:8      | Aim: Gastronok, wearing the +3 hat of Pondering {ponderous,
                  | Will+ MP+10 Int+5} (100% to hit)
  8856 | D:8      | Aim: Gastronok, wearing the +3 hat of Pondering {ponderous,
                  | Will+ MP+10 Int+5} (100% to hit)
  8856 | D:8      | Aim: Gastronok, wearing the +3 hat of Pondering {ponderous,
                  | Will+ MP+10 Int+5} (100% to hit)
  8857 | D:8      | Aim: Gastronok, wearing the +3 hat of Pondering {ponderous,
                  | Will+ MP+10 Int+5} (lightly wounded, covered in acid, 100%
                  | to hit)
  8857 | D:8      | Aim: Gastronok, wearing the +3 hat of Pondering {ponderous,
                  | Will+ MP+10 Int+5} (lightly wounded, covered in acid, 100%
                  | to hit)
  8857 | D:8      | Aim: Gastronok, wearing the +3 hat of Pondering {ponderous,
                  | Will+ MP+10 Int+5} (lightly wounded, covered in acid, 100%
                  | to hit)
  8858 | D:8      | Aim: Gastronok, wearing the +3 hat of Pondering {ponderous,
                  | Will+ MP+10 Int+5} (lightly wounded, covered in acid, 100%
                  | to hit)
  8858 | D:8      | Aim: Gastronok, wearing the +3 hat of Pondering {ponderous,
                  | Will+ MP+10 Int+5} (lightly wounded, covered in acid, 100%
                  | to hit)
  8859 | D:8      | Aim: Gastronok, wearing the +3 hat of Pondering {ponderous,
                  | Will+ MP+10 Int+5} (moderately wounded, 100% to hit)
  8859 | D:8      | Aim: Gastronok, wearing the +3 hat of Pondering {ponderous,
                  | Will+ MP+10 Int+5} (moderately wounded, 100% to hit)
  8864 | D:8      | Aim: Gastronok, wearing the +3 hat of Pondering {ponderous,
                  | Will+ MP+10 Int+5} (heavily wounded, 100% to hit)
  8864 | D:8      | Aim: Gastronok, wearing the +3 hat of Pondering {ponderous,
                  | Will+ MP+10 Int+5} (heavily wounded, 100% to hit)
  8871 | D:8      | Aim: Gastronok, wearing the +3 hat of Pondering {ponderous,
                  | Will+ MP+10 Int+5} (heavily wounded, 100% to hit)
  8871 | D:8      | Aim: Gastronok, wearing the +3 hat of Pondering {ponderous,
                  | Will+ MP+10 Int+5} (heavily wounded, 100% to hit)
  8880 | D:8      | Aim: Gastronok, wearing the +3 hat of Pondering {ponderous,
                  | Will+ MP+10 Int+5} (severely wounded, 100% to hit)
  8880 | D:8      | Aim: Gastronok, wearing the +3 hat of Pondering {ponderous,
                  | Will+ MP+10 Int+5} (severely wounded, 100% to hit)
  8887 | D:8      | Aim: Gastronok, wearing the +3 hat of Pondering {ponderous,
                  | Will+ MP+10 Int+5} (almost dead, 100% to hit)
  8887 | D:8      | Aim: Gastronok, wearing the +3 hat of Pondering {ponderous,
                  | Will+ MP+10 Int+5} (almost dead, 100% to hit)
  8889 | D:8      | Killed Gastronok
  8890 | D:8      | Reached skill level 4 in Shields
  8890 | D:8      | Reached skill level 9 in Spellcasting
  8890 | D:8      | Reached skill level 9 in Conjurations
  8890 | D:8      | Reached skill level 2 in Fire Magic
  8890 | D:8      | Reached skill level 2 in Earth Magic
  9346 | D:9      | magus.rc [v1.9.6]
  9594 | D:9      | Reached skill level 4 in Translocations
  9606 | D:9      | magus.rc [v1.9.6]
  9703 | D:9      | Reached skill level 3 in Fire Magic
  9804 | D:9      | Reached skill level 3 in Earth Magic
  9817 | D:9      | Offered knowledge of Scorch by Vehumet.
  9820 | D:9      | Reached ** piety under Vehumet
  9919 | D:9      | Reached skill level 4 in Stealth
  9923 | D:9      | Noticed a two-headed ogre
  9936 | D:8      | Killed a two-headed ogre
 10023 | D:9      | Noticed Psyche
 10027 | D:9      | Killed Psyche
 10056 | D:9      | Noticed Pikel
 10068 | D:9      | Killed Pikel
 10409 | D:10     | Entered Level 10 of the Dungeon
 10506 | D:10     | Reached XP level 11. HP: 76/81 MP: 24/24
 10748 | D:10     | Noticed a two-headed ogre
 10765 | D:10     | Killed a two-headed ogre
 10766 | D:10     | Reached skill level 10 in Spellcasting
 10766 | D:10     | Reached skill level 10 in Conjurations
 10952 | D:10     | Found a staircase to the Lair.
 10988 | D:10     | Reached skill level 4 in Earth Magic
 11143 | D:10     | Reached skill level 5 in Translocations
 12175 | D:11     | Noticed a two-headed ogre
 12182 | D:11     | Noticed a two-headed ogre
 12184 | D:11     | Killed a two-headed ogre
 12265 | D:11     | Found a runed translucent door.
 12266 | D:11     | Found a burning altar of Makhleb.
 12266 | D:11     | Noticed a sixfirhy
 12280 | D:11     | Killed a two-headed ogre
 12442 | D:11     | Reached skill level 11 in Spellcasting
 12595 | D:11     | Noticed a boulder beetle
 12603 | D:11     | Killed a boulder beetle
 12603 | D:11     | Offered knowledge of Frozen Ramparts by Vehumet.
 12966 | D:8      | Killed Erica
 12967 | D:8      | Reached skill level 6 in Translocations
 12967 | D:8      | Reached skill level 5 in Earth Magic
 13067 | D:8      | Noticed a two-headed ogre
 13068 | D:8      | Noticed a two-headed ogre
 13074 | D:8      | Killed a two-headed ogre
 13079 | D:8      | Killed a two-headed ogre
 13080 | D:8      | Reached skill level 11 in Conjurations
 13084 | D:8      | Reached XP level 12. HP: 88/88 MP: 17/27
 13530 | D:6      | Killed silky's ghost
 14045 | Lair:1   | Entered Level 1 of the Lair of Beasts
 14076 | Lair:1   | Identified the +4 great mace "Jaul" {vorpal, Str+8 Int+2}
 14183 | Lair:1   | Noticed an eight-headed hydra
 14190 | Lair:1   | Killed an eight-headed hydra
 14190 | Lair:1   | Reached *** piety under Vehumet
 14278 | Lair:1   | Reached skill level 5 in Dodging
 14280 | Lair:1   | Reached skill level 12 in Spellcasting
 14605 | Lair:1   | Reached skill level 7 in Translocations
 15024 | Lair:1   | Offered knowledge of Ignite Poison by Vehumet.
 15184 | Lair:1   | You pick up a book of the Sky and begin reading...
 15184 | Lair:1   | You add the spells Summon Lightning Spire, Storm Form and
                  | Maxwell's Capacitive Coupling to your library.
 15553 | Lair:2   | Reached skill level 5 in Shields
 15837 | Lair:2   | Reached skill level 6 in Earth Magic
 15840 | Lair:2   | Reached **** piety under Vehumet
 15841 | Lair:2   | Noticed Harold
 15927 | Lair:2   | Killed Harold
 15928 | Lair:2   | Reached skill level 12 in Conjurations
 16252 | Lair:2   | Reached skill level 13 in Spellcasting
 16255 | Lair:2   | Offered knowledge of Hailstorm by Vehumet.
 16307 | Lair:2   | Learned a level 4 spell: Hailstorm
 16319 | Lair:2   | You pick up a book of the Earth and begin reading...
 16319 | Lair:2   | You add the spells Leda's Liquefaction, Lee's Rapid
                  | Deconstruction and Statue Form to your library.
 16326 | Lair:2   | Learned a level 5 spell: Lee's Rapid Deconstruction
 16862 | Lair:3   | Noticed a catoblepas
 16863 | Lair:3   | magus.rc [v1.9.6]
 16930 | Lair:3   | Reached skill level 1 in Ice Magic
 16982 | Lair:3   | Found a shadowy altar of Dithmenos.
 17003 | Lair:3   | Found a staircase to the Shoals.
 17293 | Lair:3   | Reached XP level 13. HP: 93/93 MP: 17/30
 17790 | Lair:3   | Reached skill level 2 in Ice Magic
 17933 | Lair:4   | Noticed Nessos
 18213 | Lair:4   | magus.rc [v1.9.6]
 18230 | Lair:4   | Reached skill level 7 in Earth Magic
 18234 | Lair:4   | Killed Nessos
 18363 | Lair:4   | You pick up a book of the Wilderness and begin reading...
 18363 | Lair:4   | You add the spells Summon Forest, Summon Mana Viper and
                  | Summon Cactus Giant to your library.
 18529 | Lair:4   | Reached skill level 3 in Ice Magic
 18842 | Lair:4   | Found a hole to the Spider Nest.
 19670 | Lair:5   | Identified the ring of the Madman {rPois rN+ Str+4 Int+6
                  | Dex-5 SInv}
 19704 | Lair:5   | Reached skill level 5 in Stealth
 19798 | Lair:5   | You pick up a book of Armaments and begin reading...
 19917 | Lair:5   | Found a gate leading to a gauntlet.
 19960 | Lair:5   | Identified the +1 leather armour of Ynaugiw {Harm}
 20084 | Lair:5   | Reached skill level 3 in Fighting
 20167 | Lair:5   | Reached ***** piety under Vehumet
 20167 | Lair:5   | Offered knowledge of Eringya's Noxious Bog by Vehumet.
 20168 | Lair:5   | Reached skill level 8 in Earth Magic
 20271 | Lair:5   | Found a staircase to the Slime Pits.
 20599 | Lair:6   | Entered Level 6 of the Lair of Beasts
 20807 | Lair:6   | Reached skill level 14 in Spellcasting
 21243 | Lair:6   | Identified the +3 quarterstaff "Kurrufoso" {freeze, rElec
                  | Dex+3}
 21273 | Lair:6   | Noticed a dire elephant
 21273 | Lair:6   | Noticed a dire elephant
 21273 | Lair:6   | Noticed a dire elephant
 21406 | Lair:6   | Noticed a dire elephant
 21479 | Lair:6   | Reached skill level 8 in Translocations
 21663 | Lair:6   | Reached skill level 9 in Earth Magic
 22415 | Lair:6   | Reached XP level 14. HP: 102/102 MP: 19/32
 23010 | Lair:6   | Reached skill level 15 in Spellcasting
 23106 | Lair:6   | Reached skill level 13 in Conjurations
 23377 | Lair:6   | Reached skill level 10 in Earth Magic
 24648 | D:12     | Noticed a storm dragon
 24648 | D:12     | Noticed a sphinx
 24648 | D:12     | Noticed a frost giant
 24673 | D:12     | Killed a sphinx
 24675 | D:12     | Killed a storm dragon
 24676 | D:12     | Killed a frost giant
 25047 | D:12     | Reached skill level 11 in Earth Magic
 25068 | D:12     | Reached skill level 16 in Spellcasting
 25223 | D:12     | Identified the +8 plate armour of Jalaneku {Dex+4}
 25227 | D:12     | You add the spells Ensorcelled Hibernation and Summon Ice
                  | Beast to your library.
 25227 | D:12     | Got Sif Muna's Disquisition on Stones and the Snowflakes
 25401 | D:12     | You pick up a book of Debilitation and begin reading...
 25401 | D:12     | You add the spells Slow, Vampiric Draining and Confusing
                  | Touch to your library.
 25413 | D:12     | You pick up a book of Power and begin reading...
 25413 | D:12     | You add the spells Iskenderun's Battlesphere, Iron Shot and
                  | Spellforged Servitor to your library.
 25420 | D:12     | Learned a level 5 spell: Iskenderun's Battlesphere
 25423 | D:12     | Identified the +0 robe "Gizuh" {Dex+6}
 25738 | D:12     | magus.rc [v1.9.6]
 26029 | D:12     | Offered knowledge of Fireball by Vehumet.
 26036 | D:12     | Learned a level 5 spell: Fireball
 26333 | D:12     | Identified the +4 rapier of the Ageing Queen {vorpal,
                  | *Noise rC++}
 26419 | D:12     | Found a staircase to the Orcish Mines.
 26559 | D:12     | Reached XP level 15. HP: 107/107 MP: 35/35
 27179 | Orc:1    | Entered Level 1 of the Orcish Mines
 27333 | Orc:1    | Found Jexogof's Armour Boutique.
 27378 | Orc:1    | Found Eroin's Antique Weapon Boutique.
 27451 | Orc:2    | Entered Level 2 of the Orcish Mines
 27466 | Orc:2    | Found a staircase to the Elven Halls.
 27537 | Orc:2    | Noticed Josephine
 27539 | Orc:2    | Killed Josephine
 27540 | Orc:2    | Reached skill level 12 in Earth Magic
 27865 | Orc:2    | Reached skill level 4 in Fire Magic
 28112 | Orc:1    | Reached ****** piety under Vehumet
 28122 | Orc:1    | magus.rc [v1.9.6]
 28414 | Orc:1    | Offered knowledge of Orb of Destruction by Vehumet.
 28419 | Orc:1    | magus.rc [v1.9.6]
 29154 | Orc:2    | Reached skill level 14 in Conjurations
 29183 | Orc:2    | Learned a level 7 spell: Orb of Destruction
 29448 | Orc:2    | Noticed Rupert
 30336 | Orc:2    | Killed Rupert
 30337 | Orc:2    | Reached skill level 17 in Spellcasting
 30508 | Orc:2    | Found Edaosm's Book Emporium.
 30509 | Orc:2    | Found Bugg's General Store.
 30509 | Orc:2    | Found Yreluxik's Armour Emporium.
 30510 | Orc:2    | Found Qankops's Jewellery Emporium.
 30520 | Orc:2    | Bought a Trismegistus Codex for 448 gold pieces
 30520 | Orc:2    | You add the spells Ignite Poison, Mephitic Cloud and
                  | Freezing Cloud to your library.
 30612 | D:12     | magus.rc [v1.9.6]
 31280 | D:13     | Found a viscous altar of Jiyva.
 31523 | D:13     | Noticed Urug
 31526 | D:13     | Killed Urug
 31568 | D:13     | Learned a level 6 spell: Iron Shot
 31786 | D:14     | Reached skill level 5 in Fire Magic
 31790 | D:14     | Offered knowledge of Irradiate by Vehumet.
 31791 | D:14     | Reached skill level 13 in Earth Magic
 32327 | D:14     | Found a portal to a secret trove of treasure.
 32335 | D:14     | This trove needs +3 shadow dragon scales to function. Give
                  | it the item?
 32935 | D:14     | Found a gate to the Vaults.
 33066 | D:14     | Reached XP level 16. HP: 66/114 MP: 13/37
 33300 | D:14     | magus.rc [v1.9.6]
 33323 | D:15     | Entered Level 15 of the Dungeon
 33742 | D:15     | Reached skill level 14 in Earth Magic
 34340 | D:15     | Reached skill level 18 in Spellcasting
 34742 | D:15     | Found a staircase to the Depths.
 34827 | D:15     | Found an opulent altar of Gozag.
 35127 | Spider:1 | Entered Level 1 of the Spider Nest
 35375 | Spider:1 | Offered knowledge of Conjure Ball Lightning by Vehumet.
 35395 | Lair:4   | Learned a level 8 spell: Lehudib's Crystal Spear
 35450 | Spider:1 | Reached skill level 9 in Translocations
 35596 | Lair:4   | magus.rc [v1.9.6]
 36746 | Spider:2 | Reached skill level 15 in Earth Magic
 36765 | Spider:2 | Offered knowledge of Yara's Violent Unravelling by Vehumet.
 36766 | Spider:2 | Reached skill level 15 in Conjurations
 37008 | Spider:2 | Found a runed translucent gate.
 37008 | Spider:2 | Found a runed translucent gate.
 37008 | Spider:2 | Found a runed translucent gate.
 37017 | Spider:2 | Noticed Beorghan's ghost (adept MiBe)
 37373 | Spider:2 | You pick up a book of Spectacle and begin reading...
 38080 | Spider:3 | Reached XP level 17. HP: 119/119 MP: 39/39
 38086 | Spider:3 | Reached skill level 19 in Spellcasting
 38114 | Spider:3 | Reached skill level 6 in Fire Magic
 38392 | Spider:3 | Offered knowledge of Ozocubu's Refrigeration by Vehumet.
 38724 | Spider:3 | Identified the +9 battleaxe of Jegona {drain, Drain +Blink
                  | Str+3}
 38975 | Spider:3 | You pick up a book of Storms and begin reading...
 38975 | Spider:3 | You add the spells Airstrike and Lightning Bolt to your
                  | library.
 38993 | Spider:3 | You pick up a book of Displacement and begin reading...
 39321 | Spider:3 | magus.rc [v1.9.6]
 39323 | Spider:4 | Entered Level 4 of the Spider Nest
 39636 | Spider:4 | Reached skill level 16 in Earth Magic
 40177 | Spider:4 | Offered knowledge of Fire Storm by Vehumet.
 40177 | Spider:4 | Offered knowledge of Shatter by Vehumet.
 40177 | Spider:4 | Offered knowledge of Polar Vortex by Vehumet.
 40403 | Spider:4 | magus.rc [v1.9.6]
 41069 | Spider:4 | Reached skill level 20 in Spellcasting
 41581 | Spider:4 | HP: 25/121 [wolf spider[a broodmother] (6)]
 41917 | Spider:4 | Got a gossamer rune of Zot
 42290 | Orc:2    | Bought a ring of protection from cold for 350 gold pieces
 42290 | Orc:2    | Bought a ring of resist corrosion for 280 gold pieces
 42518 | Shoals:1 | Entered Level 1 of the Shoals
 42611 | Shoals:1 | You pick up a book of Dreams and begin reading...
 42611 | Shoals:1 | You add the spells Spider Form and Anguish to your library.
 43167 | Shoals:1 | Noticed Roxanne
 43179 | Shoals:1 | You add the spells Tukima's Dance, Passage of Golubria and
                  | Yara's Violent Unravelling to your library.
 43744 | Shoals:2 | Identified a scroll of acquirement
 44056 | Shoals:2 | Reached XP level 18. HP: 127/127 MP: 42/42
 44230 | Shoals:2 | Reached skill level 16 in Conjurations
 44234 | Shoals:2 | Acquired 552 gold pieces
 44247 | Shoals:2 | Learned a level 9 spell: Shatter
 44385 | Shoals:2 | Identified the +8 spear "Rasutasm" {venom, rPois rF+ rN+
                  | Int+2}
 44889 | Shoals:3 | Reached skill level 17 in Earth Magic
 45069 | Shoals:3 | You pick up a book of the Sky and begin reading...
 45631 | Shoals:4 | Entered Level 4 of the Shoals
 45639 | Shoals:4 | Paralysed by an air elemental for 1 turns
 45880 | Shoals:4 | Noticed Polyphemus
 45880 | Shoals:4 | Killed Polyphemus
 46265 | Shoals:4 | You pick up a book of the Dragon and begin reading...
 46265 | Shoals:4 | You add the spells Cause Fear, Dragon Form and Dragon's
                  | Call to your library.
 46305 | Shoals:4 | Reached skill level 21 in Spellcasting
 46307 | Shoals:4 | Noticed Donald
 46311 | Shoals:4 | Killed Donald
 46695 | Shoals:4 | You add the spells Alistair's Intoxication and
                  | Necromutation to your library.
 46695 | Shoals:4 | Got Jourif's Catalogue of Transformation
 46706 | Shoals:4 | You pick up a book of Spectacle and begin reading...
 46709 | Shoals:4 | Got a barnacled rune of Zot
 47825 | Shoals:4 | Paralysed by an air elemental for 1 turns
 47960 | Shoals:4 | Reached skill level 18 in Earth Magic
 48637 | Vaults:1 | Entered Level 1 of the Vaults
 48709 | Vaults:1 | Found Tulixasch's Distillery.
 48717 | Vaults:1 | Bought a potion of magic for 136 gold pieces
 48807 | Vaults:1 | Reached skill level 7 in Fire Magic
 49386 | Vaults:1 | You pick up a book of Burglary and begin reading...
 49386 | Vaults:1 | You add the spells Passwall and Swiftness to your library.
 50498 | Vaults:2 | Reached XP level 19. HP: 133/133 MP: 44/44
 51081 | Vaults:2 | Reached skill level 22 in Spellcasting
 51209 | Vaults:2 | You pick up a book of Spectacle and begin reading...
 51345 | Vaults:2 | You pick up a book of Blasting and begin reading...
 51766 | Vaults:2 | Found a staircase to the Crypt.
 51766 | Vaults:2 | Found a basalt altar of Yredelemnul.
 51766 | Vaults:2 | Found an ancient bone altar of Kikubaaqudgha.
 52022 | Vaults:2 | Noticed Mara
 52028 | Vaults:2 | Killed Mara
 52029 | Vaults:2 | Reached skill level 17 in Conjurations
 52095 | Vaults:2 | Identified the +1 helmet of Filth {-Tele Dex+3 SInv}
 52258 | Vaults:2 | You pick up a book of the Tundra and begin reading...
 52258 | Vaults:2 | You add the spells Ice Form and Simulacrum to your library.
 52622 | Vaults:2 | Found Xygiq's Book Boutique.
 52635 | Vaults:2 | Bought a book of Spatial Translocations for 338 gold pieces
 52635 | Vaults:2 | You pick up a book of Spatial Translocations and begin
                  | reading...
 52635 | Vaults:2 | You add the spells Blink and Manifold Assault to your
                  | library.
 52638 | Vaults:2 | Learned a level 2 spell: Blink
 52862 | Vaults:3 | Found Imexaut's General Store.
 52862 | Vaults:3 | You are sucked into a shaft and drop 1 floor!
 52875 | Vaults:4 | Reached skill level 19 in Earth Magic
 52879 | Vaults:4 | Reached skill level 8 in Fire Magic
 53120 | Vaults:4 | Noticed a dread lich
 53124 | Vaults:4 | Killed a dread lich
 53584 | Vaults:3 | Reached skill level 10 in Translocations
 53654 | Vaults:3 | Reached XP level 20. HP: 139/139 MP: 22/46
 53883 | Vaults:3 | Reached skill level 23 in Spellcasting
 54122 | Vaults:3 | Found a runed translucent door.
 54122 | Vaults:3 | Noticed SuperSeabass's ghost (adept PaFi)
 54140 | Vaults:3 | Found Hosyff's Magic Scroll Boutique.
 54148 | Vaults:3 | Bought a scroll of blinking for 142 gold pieces
 54148 | Vaults:3 | Bought a scroll of blinking for 142 gold pieces
 54148 | Vaults:3 | Bought a scroll of magic mapping for 66 gold pieces
 54148 | Vaults:3 | Bought a scroll of teleportation for 57 gold pieces
 54451 | Vaults:3 | Found Moruovee's Book Emporium.
 54922 | Vaults:3 | Found Yduov's Armour Emporium.
 54924 | Vaults:3 | Found Xipial's Jewellery Emporium.
 54934 | Vaults:3 | Bought the ring "Gedaen" {*Slow Fly rF++ rC+++ Int+2} for
                  | 831 gold pieces
 55511 | Vaults:3 | Killed SuperSeabass's ghost
 55749 | Vaults:4 | magus.rc [v1.9.6]
 55813 | Vaults:4 | Reached skill level 20 in Earth Magic
 55942 | Vaults:4 | Found a runed translucent door.
 55944 | Vaults:4 | Noticed SpeedRobin's ghost (adept DDFi)
 56568 | Vaults:4 | Identified the ring of Wiwkipog {Will+ Str+6}
 56631 | Vaults:4 | Found Tiut's Antique Armour Shop.
 56826 | Vaults:4 | Found Boesitz's Armour Emporium.
 56827 | Vaults:4 | Found Setyer's Assorted Antiques.
 56860 | Vaults:4 | Identified the +1 pair of gloves "Filuwano" {rPois Int+7
                  | Dex-5}
 57380 | Elf:1    | Entered Level 1 of the Elven Halls
 57384 | Elf:1    | Paralysed by an air elemental for 1 turns
 58175 | Elf:1    | Reached skill level 18 in Conjurations
 58180 | Elf:1    | Reached skill level 24 in Spellcasting
 58598 | Elf:2    | Reached XP level 21. HP: 142/146 MP: 49/49
 58717 | Elf:2    | Acquired 882 gold pieces
 58852 | Elf:2    | You pick up a book of Dreams and begin reading...
 59031 | Elf:2    | You pick up a book of Fire and begin reading...
 59068 | Elf:2    | Reached skill level 9 in Fire Magic
 59131 | Elf:2    | Found a runed translucent gate.
 59132 | Elf:2    | Found a runed translucent gate.
 59132 | Elf:2    | Found a runed translucent gate.
 59446 | Elf:2    | Reached skill level 21 in Earth Magic
 59811 | Elf:2    | Could not pick up a +1 executioner's axe of pain
                  | {axerare=g} here; ([A]lways) ignore it?
 59811 | Elf:2    | Could not pick up a +1 executioner's axe of pain
                  | {axerare=g} here; ([A]lways) ignore it?
 59811 | Elf:2    | Could not pick up a +1 executioner's axe of pain
                  | {axerare=g} here; ([A]lways) ignore it?
 59811 | Elf:2    | Could not pick up a +1 executioner's axe of pain
                  | {axerare=g} here; ([A]lways) ignore it?
 59811 | Elf:2    | Could not pick up a +1 executioner's axe of pain
                  | {axerare=g} here; ([A]lways) ignore it?
 59811 | Elf:2    | Could not pick up a +1 executioner's axe of pain
                  | {axerare=g} here; ([A]lways) ignore it?
 59811 | Elf:2    | Could not pick up a +1 executioner's axe of pain
                  | {axerare=g} here; ([A]lways) ignore it?
 59811 | Elf:2    | Could not pick up a +1 executioner's axe of pain
                  | {axerare=g} here; ([A]lways) ignore it?
 59822 | Elf:2    | Could not pick up a +1 executioner's axe of pain
                  | {axerare=g} here; ([A]lways) ignore it?
 59822 | Elf:2    | Could not pick up a +1 executioner's axe of pain
                  | {axerare=g} here; ([A]lways) ignore it?
 59822 | Elf:2    | Could not pick up a +1 executioner's axe of pain
                  | {axerare=g} here; ([A]lways) ignore it?
 59989 | Elf:2    | magus.rc [v1.9.6]
 60044 | Elf:3    | Entered Level 3 of the Elven Halls
 60193 | Elf:3    | Found Pedouq's Antique Armour Shop.
 60198 | Elf:3    | Found Hubbas's Assorted Antiques.
 60207 | Elf:3    | Identified the +2 scale mail of Sihelek {rPois Will- Regen+
                  | Dex+2}
 60520 | Elf:3    | You add the spells Conjure Flame and Sticky Flame to your
                  | library.
 60523 | Elf:3    | Identified the +5 longbow of Radicalism {speed, Str+8
                  | Stlth+}
 60532 | Elf:3    | You pick up a book of the Wilderness and begin reading...
 60539 | Elf:3    | You pick up a book of Power and begin reading...
 60559 | Elf:3    | You add the spells Silence and Dispersal to your library.
 60559 | Elf:3    | Got the Collected Works on Quantum Execration {@e2}
 60562 | Elf:3    | Got Tiqoynuf's Volume of the Blaze and Earth
 60569 | Elf:3    | Identified the amulet "Ruom" {RegenMP Rampage rF+++ rCorr
                  | Int-2}
 60586 | Elf:3    | Identified the +6 arbalest "Icledef" {freeze, Dex+2}
 60623 | Elf:3    | magus.rc [v1.9.6]
 60626 | Elf:3    | You pick up a book of Decay and begin reading...
 60626 | Elf:3    | You add the spells Corpse Rot, Dispel Undead and Death
                  | Channel to your library.
 60627 | Elf:3    | Identified the amulet of Peudud {Reflect rPois Regen+ SH+5
                  | Stlth+}
 60659 | Elf:3    | Identified the ring of Yredelemnul's Approval {Wiz rF+}
 61000 | Elf:3    | Reached skill level 10 in Fire Magic
 61605 | Depths:1 | Entered Level 1 of the Depths
 61988 | Depths:1 | Reached skill level 6 in Dodging
 62116 | Depths:1 | Found Mejoohe's General Store.
 62236 | Depths:1 | Found Osyt's Book Shoppe.
 62268 | Depths:1 | You pick up a book of Unlife and begin reading...
 62275 | Depths:1 | Bought a book of Party Tricks for 368 gold pieces
 62275 | Depths:1 | You pick up a book of Party Tricks and begin reading...
 62277 | Depths:1 | Learned a level 1 spell: Apportation
 62344 | Depths:1 | Reached skill level 25 in Spellcasting
 62445 | Depths:1 | Found Pieco's General Store.
 62449 | Depths:1 | the Enchantress comes into view. She is wielding a +1 demon
                  | whip of venom, wearing the +6 faerie dragon scales {rCorr
                  | Int+4} and wearing a +0 buckler of protection.
 62449 | Depths:1 | Noticed the Enchantress
 62452 | Depths:1 | Aim: the Enchantress, wielding a +1 demon whip of venom,
                  | wearing the +6 faerie dragon scales {rCorr Int+4}, wearing
                  | a +0 buckler of protection and quivering stones (moderately
                  | wounded, fast, repelling missiles, 13% to hit)
 62455 | Depths:1 | Aim: the Enchantress, wielding a +1 demon whip of venom,
                  | wearing the +6 faerie dragon scales {rCorr Int+4}, wearing
                  | a +0 buckler of protection and quivering stones (almost
                  | dead, fast, repelling missiles, 17% to hit)
 62455 | Depths:1 | Aim: the Enchantress, wielding a +1 demon whip of venom,
                  | wearing the +6 faerie dragon scales {rCorr Int+4}, wearing
                  | a +0 buckler of protection and quivering stones (almost
                  | dead, fast, repelling missiles, 17% to hit)
 62455 | Depths:1 | Killed the Enchantress
 62673 | Depths:1 | Could not pick up a +4 quick blade {shortrare=g} here;
                  | ([A]lways) ignore it?
 62673 | Depths:1 | Could not pick up a +4 quick blade {shortrare=g} here;
                  | ([A]lways) ignore it?
 62673 | Depths:1 | Could not pick up a +4 quick blade {shortrare=g} here;
                  | ([A]lways) ignore it?
 62673 | Depths:1 | Could not pick up a +4 quick blade {shortrare=g} here;
                  | ([A]lways) ignore it?
 62675 | Depths:1 | Could not pick up a +4 quick blade {shortrare=g} here;
                  | ([A]lways) ignore it?
 62675 | Depths:1 | Could not pick up a +4 quick blade {shortrare=g} here;
                  | ([A]lways) ignore it?
 62675 | Depths:1 | Could not pick up a +4 quick blade {shortrare=g} here;
                  | ([A]lways) ignore it?
 62675 | Depths:1 | Could not pick up a +4 quick blade {shortrare=g} here;
                  | ([A]lways) ignore it?
 62675 | Depths:1 | Could not pick up a +4 quick blade {shortrare=g} here;
                  | ([A]lways) ignore it?
 62693 | Depths:1 | Could not pick up a +4 quick blade {shortrare=g} here;
                  | ([A]lways) ignore it?
 62696 | Depths:1 | g - a +4 quick blade {shortrare=g}
 63024 | Depths:1 | You pick up a book of Spatial Translocations and begin
                  | reading...
 63024 | Depths:1 | Got the Volume of Stones
 63081 | Depths:1 | Found Kianyo Ofit's Book Boutique.
 63097 | Depths:1 | Reached XP level 22. HP: 152/152 MP: 51/51
 63114 | Depths:1 | Reached skill level 19 in Conjurations
 63168 | Depths:1 | Found Ilosasof's General Store.
 63402 | Depths:1 | Found a gateway to Hell.
 63528 | Depths:1 | Found Sekit's Book Emporium.
 63528 | Depths:1 | Found Tegofy's Jewellery Boutique.
 63529 | Depths:1 | Found Akeklerr's Book Emporium.
 63673 | Depths:2 | Found a white marble altar of Elyvilon.
 63777 | Depths:2 | Found a runed translucent door.
 63781 | Depths:2 | Noticed crimpus's ghost (adept MiFi)
 63979 | Depths:2 | Found a one-way gateway to a ziggurat.
 64305 | Depths:2 | Reached skill level 11 in Fire Magic
 64616 | Depths:2 | Identified the +6 glaive of Defiance {elec, rF+}
 64705 | Depths:2 | Found a one-way gate leading to the halls of Pandemonium.
 64759 | Depths:2 | Identified the +5 chain mail of Uhefyive {Str-3 Int+6}
 64875 | Depths:2 | Found a one-way gate to the infinite horrors of the Abyss.
 65030 | Depths:2 | Learned a level 8 spell: Ignition
 65058 | Depths:2 | magus.rc [v1.9.6]
 65642 | Depths:3 | Reached skill level 26 in Spellcasting
 65837 | Depths:3 | Reached skill level 22 in Earth Magic
 66022 | Depths:3 | Reached skill level 12 in Fire Magic
 66153 | Depths:3 | magus.rc [v1.9.6]
 66236 | Depths:3 | You drop a +4 quick blade {shortrare=g}.
 66238 | Depths:3 | a +4 quick blade {shortrare=g}; a +0 great sword of flaming
                  | {long}
 66238 | Depths:3 | Could not pick up a +4 quick blade {shortrare=g} and a +0
                  | great sword of flaming {long} here; ([A]lways) ignore them?
 66238 | Depths:3 | a +4 quick blade {shortrare=g}; a +0 great sword of flaming
                  | {long}
 66238 | Depths:3 | Could not pick up a +4 quick blade {shortrare=g} here;
                  | ([A]lways) ignore it?
 66238 | Depths:3 | a +4 quick blade {shortrare=g}; a +0 great sword of flaming
                  | {long}
 66238 | Depths:3 | Could not pick up a +4 quick blade {shortrare=g} here;
                  | ([A]lways) ignore it?
 66238 | Depths:3 | a +4 quick blade {shortrare=g}; a +0 great sword of flaming
                  | {long}
 66238 | Depths:3 | Could not pick up a +4 quick blade {shortrare=g} here;
                  | ([A]lways) ignore it?
 66238 | Depths:3 | a +4 quick blade {shortrare=g}; a +0 great sword of flaming
                  | {long}
 66238 | Depths:3 | Could not pick up a +4 quick blade {shortrare=g} here;
                  | ([A]lways) ignore it?
 66238 | Depths:3 | a +4 quick blade {shortrare=g}; a +0 great sword of flaming
                  | {long}
 66238 | Depths:3 | Could not pick up a +4 quick blade {shortrare=g} here;
                  | ([A]lways) ignore it?
 66238 | Depths:3 | a +4 quick blade {shortrare=g}; a +0 great sword of flaming
                  | {long}
 66238 | Depths:3 | Could not pick up a +4 quick blade {shortrare=g} here;
                  | ([A]lways) ignore it?
 66238 | Depths:3 | a +4 quick blade {shortrare=g}; a +0 great sword of flaming
                  | {long}
 66238 | Depths:3 | Could not pick up a +4 quick blade {shortrare=g} here;
                  | ([A]lways) ignore it?
 66238 | Depths:3 | a +4 quick blade {shortrare=g}; a +0 great sword of flaming
                  | {long}
 66238 | Depths:3 | Could not pick up a +4 quick blade {shortrare=g} here;
                  | ([A]lways) ignore it?
 66238 | Depths:3 | a +4 quick blade {shortrare=g}; a +0 great sword of flaming
                  | {long}
 66238 | Depths:3 | Could not pick up a +4 quick blade {shortrare=g} here;
                  | ([A]lways) ignore it?
 66238 | Depths:3 | a +4 quick blade {shortrare=g}; a +0 great sword of flaming
                  | {long}
 66238 | Depths:3 | Could not pick up a +4 quick blade {shortrare=g} here;
                  | ([A]lways) ignore it?
 66239 | Depths:3 | E - a +4 quick blade {shortrare=g}
 66311 | Depths:3 | You add the spells Malign Gateway and Summon Horrible
                  | Things to your library.
 66415 | Depths:3 | Found a runed translucent door.
 66417 | Depths:3 | Noticed a caustic shrike
 66469 | Depths:3 | Noticed a golden dragon
 66472 | Depths:3 | Killed a golden dragon
 66472 | Depths:3 | Identified +0 gold dragon scales
 66473 | Depths:3 | Reached XP level 23. HP: 121/159 MP: 53/53
 66663 | Depths:3 | +0 gold dragon scales {rare}; a golden dragon corpse
 66901 | Depths:3 | Noticed a juggernaut
 66901 | Depths:3 | Paralysed by a floating eye for 4 turns
 66910 | Depths:3 | Killed a juggernaut
 67006 | Depths:3 | Identified the +7 rapier of Moral Flaws {protect, Int+6}
 67158 | Depths:3 | You pick up a book of Decay and begin reading...
 67194 | Depths:3 | Found a blossoming altar of Fedhas.
 67201 | Depths:3 | Identified the +3 ring mail "Vent" {Str+2 Stlth+}
 67361 | Depths:3 | Noticed a juggernaut
 67364 | Depths:3 | Killed a juggernaut
 67406 | Depths:3 | You pick up a book of Alchemy and begin reading...
 67406 | Depths:3 | You add the spells Sublimation of Blood and Irradiate to
                  | your library.
 67410 | Depths:3 | You pick up a book of Death and begin reading...
 67410 | Depths:3 | You add the spells Haunt and Infestation to your library.
 67469 | Depths:3 | Found an ornate altar of the Wu Jian Council.
 67548 | Depths:3 | Identified the amulet of Dim Light {Acrobat Dex+4}
 67742 | Depths:3 | +0 storm dragon scales {rare}; a storm dragon corpse
 67771 | Depths:3 | Found a runed translucent door.
 67772 | Depths:3 | Found a runed translucent door.
 67934 | Depths:3 | magus.rc [v1.9.6]
 67936 | Depths:4 | Entered Level 4 of the Depths
 68052 | Depths:4 | Reached skill level 20 in Conjurations
 68207 | Depths:4 | You drop a +4 quick blade {shortrare=g}.
 68208 | Depths:4 | E - a +4 quick blade {shortrare=g}
 68214 | Depths:3 | You drop a +4 quick blade {shortrare=g}.
 68643 | Depths:4 | Learned a level 9 spell: Fire Storm
 68694 | Depths:4 | Reached skill level 13 in Fire Magic
 68994 | Depths:4 | Reached skill level 14 in Fire Magic
 69777 | Depths:4 | Found a radiant altar of Vehumet.
 70102 | Depths:4 | Reached skill level 15 in Fire Magic
 70777 | Depths:4 | HP: 31/159 [poison (poison gas)]
 70787 | Depths:4 | HP: 38/159 [poisoned by a green draconian (poison gas)]
 70787 | Depths:4 | Identified the +11 scimitar of Utya {speed, Fly rF- Dex+9}
 70792 | Depths:4 | HP: 34/159 [poisoned by a green draconian (poison gas)]
 70823 | Depths:4 | HP: 38/159 [poison (poison gas)]
 70852 | Depths:4 | a green draconian monk comes into view. It is wearing the
                  | brooch of Shielding {Spirit SH+8}.
 70853 | Depths:4 | Aim: a green draconian monk, wearing a +0 cloak and wearing
                  | the brooch of Shielding {Spirit SH+8} (65% to hit)
 70853 | Depths:4 | Aim: a green draconian monk, wearing a +0 cloak and wearing
                  | the brooch of Shielding {Spirit SH+8} (65% to hit)
 70854 | Depths:4 | Aim: a green draconian monk, wearing a +0 cloak and wearing
                  | the brooch of Shielding {Spirit SH+8} (heavily wounded, 65%
                  | to hit)
 70854 | Depths:4 | Aim: a green draconian monk, wearing a +0 cloak and wearing
                  | the brooch of Shielding {Spirit SH+8} (heavily wounded, 65%
                  | to hit)
 71042 | Depths:4 | Reached XP level 24. HP: 125/167 MP: 53/53
 71298 | Depths:4 | magus.rc [v1.9.6]
 71338 | Depths:4 | Reached skill level 16 in Fire Magic
 71406 | Depths:4 | Found a gate to the Realm of Zot.
 72155 | Vaults:5 | Entered Level 5 of the Vaults
 72158 | Vaults:5 | Reached skill level 17 in Fire Magic
 72181 | Vaults:5 | Reached skill level 18 in Fire Magic
 72791 | Vaults:5 | Found the +7 pair of quick blades "Gyre" and "Gimble"
                  | {protect}
 72814 | Vaults:5 | Identified the amulet "Fyrithihan" {Reflect Fly rC+ Will+
                  | SH+5 Stlth+}
 72861 | Vaults:5 | B - the +7 pair of quick blades "Gyre" and "Gimble"
                  | {protect, shortrare=g}
 72950 | Vaults:5 | Noticed an ancient lich
 73228 | Vaults:5 | Reached skill level 19 in Fire Magic
 73375 | Vaults:5 | Killed an ancient lich
 73440 | Vaults:5 | +0 shadow dragon scales {rare}; a shadow dragon corpse
 73454 | Vaults:5 | Identified the ring "Zaiwk" {rF+ rC+ Int+3}
 74126 | Vaults:5 | Noticed a dread lich
 74129 | Vaults:5 | Killed a dread lich
 74191 | Vaults:5 | Identified the +2 battleaxe of Contradiction {vorpal, rC+}
 74208 | Vaults:5 | Got a silver rune of Zot
 74236 | Vaults:5 | M - a +1 double sword of venom {longrare=g}
 74244 | Vaults:5 | Reached skill level 20 in Fire Magic
 74305 | Vaults:5 | Identified the amulet "Jenenn" {RegenMP Dex+4}
 74480 | Vaults:5 | You add the spells Borgnjor's Revivification and Death's
                  | Door to your library.
 74760 | Vaults:5 | Got the Handbook of the Ashen Traveller
 74764 | Vaults:5 | You pick up a book of Displacement and begin reading...
 74902 | Vaults:5 | You pick up a book of Maledictions and begin reading...
 74905 | Vaults:5 | Got the Papyrus of the Voyage
 74907 | Vaults:5 | You pick up a book of Minor Magic and begin reading...
 74912 | Vaults:5 | Identified the +3 ring mail of the Devil's Team {rC+ MP+9}
 75273 | Vaults:5 | You pick up a book of Death and begin reading...
 75275 | Vaults:5 | You pick up a book of Minor Magic and begin reading...
 75279 | Vaults:5 | You pick up a book of the Sky and begin reading...
 75352 | Vaults:5 | magus.rc [v1.9.6]
 75726 | Zot:1    | Entered Level 1 of the Realm of Zot
 75916 | Zot:1    | Identified +0 gold dragon scales
 75941 | Zot:1    | Reached XP level 25. HP: 172/172 MP: 53/53
 75983 | Zot:1    | +0 gold dragon scales {rare}; a golden dragon corpse
 76137 | Zot:1    | Reached skill level 21 in Fire Magic
 76205 | Zot:1    | You add the spells Ozocubu's Armour and Ozocubu's
                  | Refrigeration to your library.
 76207 | Zot:1    | You pick up a book of Cantrips and begin reading...
 76207 | Zot:1    | You add the spells Animate Skeleton and Summon Small Mammal
                  | to your library.
 76267 | Zot:1    | Identified +0 gold dragon scales
 76344 | Zot:1    | +0 gold dragon scales {rare}; a +0 mace {mace}; a golden
                  | dragon corpse
 76797 | Zot:1    | Noticed an electric golem
 76803 | Zot:1    | HP: 18/172 [electric golem/bolt of lightning (31)]
 76805 | Zot:1    | Killed an electric golem
 77370 | Zot:1    | Noticed a curse toe
 77374 | Zot:1    | Reached skill level 22 in Fire Magic
 77376 | Zot:1    | HP: 29/172 [??? (21)]
 77381 | Zot:1    | Killed a curse toe
 77837 | Zot:2    | Noticed a curse toe
 77841 | Zot:2    | Killed a curse toe
 78163 | Zot:2    | Identified +0 gold dragon scales
 78217 | Zot:2    | +0 gold dragon scales {rare}; a golden dragon corpse
 78442 | Zot:2    | You drop a +1 double sword of venom {longrare=g}.
 78556 | Zot:2    | Noticed a curse toe
 78561 | Zot:2    | Killed a curse toe
 78731 | Zot:2    | Reached skill level 23 in Fire Magic
 79144 | Zot:2    | Identified the +8 morningstar of Dishonour {antimagic,
                  | Fragile rPois rCorr Stlth+}
 79638 | Zot:3    | HP: 39/172 [golden dragon (46)]
 79640 | Zot:3    | HP: 17/172 [tentacled monstrosity (10)]
 80025 | Zot:2    | magus.rc [v1.9.6]
 80144 | Zot:3    | Learned a level 6 spell: Dispersal
 80162 | Zot:3    | Reached skill level 24 in Fire Magic
 80490 | Zot:3    | You drop the +7 pair of quick blades "Gyre" and "Gimble"
                  | {protect, shortrare=g}.
 80493 | Zot:3    | Acquired a staff of fire
 80502 | Zot:3    | B - the +7 pair of quick blades "Gyre" and "Gimble"
                  | {protect, shortrare=g}
 80510 | Zot:3    | Found a transporter.
 80521 | Zot:3    | Noticed a dread lich
 80522 | Zot:3    | Noticed a curse toe
 80524 | Zot:3    | Noticed a Killer Klown
 80566 | Zot:3    | Found the +2 Maxwell's thermic engine {flame, freeze}
 80567 | Zot:3    | Found a transporter.
 80579 | Zot:3    | +0 storm dragon scales {rare}; a storm dragon skeleton
 80626 | Zot:3    | You pick up a book of Callings and begin reading...
 80626 | Zot:3    | You add the spells Call Canine Familiar and Summon Guardian
                  | Golem to your library.
 81169 | Zot:4    | Identified +0 gold dragon scales
 81269 | Zot:4    | +0 shadow dragon scales {rare}; a shadow dragon corpse
 81277 | Zot:4    | +0 gold dragon scales {rare}; a golden dragon corpse
 81487 | Zot:4    | Reached XP level 26. HP: 175/177 MP: 53/53
 81569 | Zot:4    | +0 storm dragon scales {rare}; a storm dragon corpse
 81869 | Zot:4    | You drop the +7 pair of quick blades "Gyre" and "Gimble"
                  | {protect, shortrare=g}.
 81871 | Zot:4    | Could not pick up the +7 pair of quick blades "Gyre" and
                  | "Gimble" {protect, shortrare=g} here; ([A]lways) ignore it?
 81871 | Zot:4    | Could not pick up the +7 pair of quick blades "Gyre" and
                  | "Gimble" {protect, shortrare=g} here; ([A]lways) ignore it?
 81871 | Zot:4    | Could not pick up the +7 pair of quick blades "Gyre" and
                  | "Gimble" {protect, shortrare=g} here; ([A]lways) ignore it?
 81871 | Zot:4    | Could not pick up the +7 pair of quick blades "Gyre" and
                  | "Gimble" {protect, shortrare=g} here; ([A]lways) ignore it?
 81872 | Zot:4    | p - the +7 pair of quick blades "Gyre" and "Gimble"
                  | {protect, shortrare=g}
 82212 | Zot:4    | Reached skill level 25 in Fire Magic
 82453 | Zot:5    | Entered Level 5 of the Realm of Zot
 83204 | Zot:5    | Noticed an ancient lich
 83212 | Zot:5    | Killed an ancient lich
 83364 | Zot:5    | Noticed an orb of fire
 83369 | Zot:5    | Gained mutation: You are weak. (Str -2) [an orb of fire]
 83372 | Zot:5    | Gained mutation: You possess an exceptional clarity of
                  | mind. [an orb of fire]
 83373 | Zot:5    | Killed an orb of fire
 83374 | Zot:5    | Reached skill level 26 in Fire Magic
 83375 | Zot:5    | Noticed an electric golem
 83378 | Zot:5    | HP: 44/179 [Killer Klown/+10 club of flaming (1)]
 83378 | Zot:5    | HP: 8/179 [Killer Klown/+10 club of flaming (24)]
 83379 | Zot:5    | Slain by a tentacled monstrosity

Vanquished Creatures
  2 dread liches
  2 ancient liches
  An orb of fire (Zot:5)
  Mara (Vaults:2)
  2 juggernauts (Depths:3)
  17 golden dragons
  3 curse toes
  the Enchantress (Depths:1)
  An electric golem (Zot:1)
  The ghost of SuperSeabass the Warrior, an adept PaFi of Uskayaw (Vaults:3)
  Rupert (Orc:2)
  20 tentacled monstrosities
  A walking crystal tome (Depths:4)
  5 liches
  A walking divine tome (Depths:3)
  A walking frostbound tome (Depths:3)
  8 Orb Guardians (Zot:5)
  3 deep elf blademasters
  8 titans
  5 quicksilver dragons
  2 deep elf master archers (Elf:3)
  Polyphemus (Shoals:4)
  11 death cobs
  7 sphinxes
  Gastronok (D:8)
  9 tengu reavers
  19 storm dragons
  15 draconian monks
  Donald (Shoals:4)
  11 shadow dragons
  2 draconian knights
  18 fire giants
  3 deep elf sorcerers (Elf:3)
  5 iron dragons
  5 emperor scorpions (Spider:4)
  14 frost giants
  A juggernaut zombie (Depths:2)
  5 draconian scorchers
  14 vault wardens
  3 ghost moths
  2 balrugs
  7 draconian shifters
  3 reapers
  A war gargoyle (Vaults:5)
  3 spriggan defenders (Depths:1)
  7 broodmothers
  8 draconian stormcallers
  17 ironbound preservers
  4 draconian annihilators
  2 deep elf elementalists (Elf:3)
  27 very ugly things
  27 stone giants
  10 deep elf demonologists
  Nessos (Lair:4)
  13 black draconians
  12 ironbound thunderhulks
  20 green draconians
  14 dire elephants
  19 red draconians
  7 entropy weavers
  7 deep elf annihilators
  3 vampire knights
  19 purple draconians
  17 white draconians
  11 yellow draconians
  7 spark wasps
  19 ettins
  9 deep elf death magi
  A crystal guardian (Vaults:4)
  13 merfolk impalers
  3 blizzard demons
  Josephine (Orc:2)
  10 yaktaur captains
  A ragged hierophant (Vaults:1)
  6 merfolk javelineers
  20 fire dragons
  A deep elf high priest (Elf:3)
  Harold (Lair:2)
  8 great orbs of eyes
  32 vault guards
  A spriggan zombie (Depths:2)
  4 rakshasas
  11 boulder beetles
  A peacekeeper (Vaults:4)
  9 hydras
  An ogre mage (D:14)
  4 spriggan air magi
  21 ice dragons
  Erica (D:8)
  4 jorogumos
  A juggernaut simulacrum (Depths:2)
  6 catoblepae
  9 ironbound frosthearts
  5 merfolk avatars
  12 two-headed ogres
  2 merfolk aquamancers (Shoals:4)
  14 centaur warriors
  30 dancing weapons
  2 death knights
  5 deep troll shamans
  A vampire mage (Depths:3)
  7 tengu warriors
  4 death yaks (Shoals:4)
  7 deep troll earth magi
  5 spriggan berserkers
  6 orc high priests
  3 soul eaters
  Urug (D:13)
  A sun demon (Depths:4)
  3 spriggans (Depths:1)
  23 deep elf knights
  13 hell knights
  5 sixfirhies
  A shadow wraith (Vaults:5)
  A titan skeleton (Depths:2)
  An iron troll (Depths:1)
  2 sun moths
  4 pharaoh ants
  2 spectral death yaks (Lair:6)
  3 skeletal warriors (D:15)
  45 deep trolls
  6 steelbarb worms
  10 sea snakes
  2 flayed ghosts
  5 glowing orange brains
  A sea snake (shapeshifter) (Depths:4)
  2 death drakes (Depths:4)
  A spectral anaconda (Lair:6)
  A swamp dragon (shapeshifter) (Depths:4)
  A glowing orange brain (shapeshifter) (Vaults:3)
  A lindwurm (shapeshifter) (Depths:3)
  2 obsidian statues
  16 deep elf archers
  14 wizards
  2 wolf spider zombies (D:15)
  23 harpies
  13 ironbound convokers
  16 necromancers
  10 orb spiders
  23 deep elf pyromancers
  4 phantasmal warriors (Vaults:5)
  A tengu zombie (Depths:2)
  Pikel (D:9)
  4 orc sorcerers
  25 deep elf zephyrmancers
  13 orc knights
  26 wolf spiders
  8 lindwurms
  A shadow dragon skeleton (Vaults:1)
  A golden dragon skeleton (Depths:2)
  A manticore (shapeshifter) (Vaults:3)
  2 fauns (Shoals:1)
  15 manticores
  15 cyclopes
  16 elephants
  45 ugly things
  31 moths of wrath
  A stone giant skeleton (Vaults:1)
  5 merfolk sirens
  A fire giant skeleton (Depths:2)
  2 black mambas (Lair:6)
  3 naga magi
  A smoke demon (Depths:4)
  13 vault sentinels
  An ice statue (Lair:6)
  5 torpor snails
  9 water nymphs (Shoals:4)
  2 centaur skeletons (D:15)
  4 orange demons
  34 yaktaurs
  4 rime drakes
  An unseen horror (D:12)
  Psyche (D:9)
  7 cane toads
  11 komodo dragons
  9 demonic crawlers
  An ice devil (Depths:2)
  An efreet (D:12)
  A tengu conjurer (Depths:3)
  A tormentor (Depths:4)
  5 freezing wraiths
  13 trolls
  A golden dragon simulacrum (Depths:2)
  9 wind drakes
  14 meliai
  2 polar bears (Lair:6)
  2 saltlings (Vaults:1)
  22 merfolk
  6 snapping turtles
  30 tarantellas
  11 dream sheep (Shoals:4)
  8 blink frogs
  7 hornets
  23 slime creatures
  A spectral elephant (Lair:6)
  41 jumping spiders
  8 air elementals
  22 culicivoras
  28 water elementals
  61 yaks
  A dire elephant simulacrum (Lair:6)
  3 centaur simulacra
  A vampire (D:12)
  A ynoxinul (Depths:2)
  5 fire elementals
  The ghost of silky the Cudgeller, an amateur MiCK of Xom (D:6)
  9 wraiths
  2 elf zombies (Vaults:1)
  2 shadows (D:12)
  4 wyverns
  53 redbacks
  4 steam dragons
  6 basilisks
  A neqoxec (Depths:4)
  4 vampire mosquitoes
  A two-headed ogre zombie (D:12)
  5 wargs
  An acid dragon (D:12)
  A swamp worm (shapeshifter) (Vaults:5)
  16 water moccasins
  3 floating eyes
  A floating eye (shapeshifter) (Vaults:2)
  A hornet zombie (D:7)
  3 ice beasts (Lair:6)
  An ice beast (shapeshifter) (Vaults:2)
  47 orc warriors
  3 black bears
  7 ogres
  14 centaurs
  21 wolves
  7 boggarts
  5 phantoms
  13 bullfrogs
  2 kobold brigands
  3 earth elementals
  A human simulacrum (Depths:2)
  A human skeleton (Vaults:1)
  A water moccasin zombie (D:5)
  5 scorpions
  A water moccasin skeleton (D:5)
  5 wights (D:6)
  6 killer bees (D:9)
  A troll zombie (D:12)
  3 howler monkeys
  2 electric eels
  A bullfrog zombie (D:7)
  6 centaur zombies
  4 hounds
  6 jellies
  39 orc priests
  A gnoll shaman (D:9)
  2 iguanas
  17 orc wizards
  A killer bee zombie (D:8)
  6 ogre zombies (D:12)
  A hound skeleton (D:4)
  A howler monkey zombie (D:5)
  Robin (D:2)
  4 gnolls (D:3)
  11 adders
  A howler monkey skeleton (D:7)
  A shadow imp (D:5)
  5 white imps
  3 ufetubi
  An adder skeleton (D:4)
  A worm (D:3)
  4 dart slugs
  102 orcs
  7 bats
  12 endoplasms
  3 giant cockroaches
  14 goblins
  11 hobgoblins
  15 kobolds
  4 quokkas
  7 ball pythons
  5 frilled lizards
  A goblin skeleton (D:12)
  A hobgoblin skeleton (D:12)
  3 orc skeletons (D:12)
  10 orc zombies (D:12)
  5 rats
2290 creatures vanquished.

Vanquished Creatures (others)
  A deep elf archer (Elf:1)
  A deep elf pyromancer (Elf:1)
  A slime creature (D:12)
  A redback (Spider:4)
  An orc wizard (D:8)
  A goblin skeleton (D:12)
  A goblin zombie (D:12)
  8 orc zombies (D:12)
  98 foxfires
  32 fungi
  127 plants
  36 withered plants (Lair:6)
308 creatures vanquished.

Grand Total: 2598 creatures vanquished

Table legend:
 A = Non-vault XP
 B = Vault XP
 C = Vault XP percentage of total XP
 D = Non-vault monster count
 E = Vault monster count
 F = Vault count percentage of total count
                 A         B        C        D         E       F
            +---------+---------+-------+---------+---------+-------
      Total |  643487 |  742387 |  53.6 |    1279 |    1013 |  44.2
            +---------+---------+-------+---------+---------+-------
        D:1 |      32 |       0 |   0.0 |      17 |       0 |   0.0
        D:2 |      57 |      35 |  38.0 |      26 |      11 |  29.7
        D:3 |     121 |       0 |   0.0 |      23 |       0 |   0.0
        D:4 |     342 |     183 |  34.9 |      16 |       1 |   5.9
        D:5 |     707 |      57 |   7.5 |      13 |       3 |  18.8
        D:6 |    1125 |     205 |  15.4 |      27 |       1 |   3.6
        D:7 |    1524 |       0 |   0.0 |      20 |       0 |   0.0
        D:8 |    1159 |    5733 |  83.2 |      12 |      12 |  50.0
        D:9 |    1404 |    1249 |  47.1 |      21 |       5 |  19.2
       D:10 |    2874 |     443 |  13.4 |      14 |       4 |  22.2
       D:11 |    4491 |     772 |  14.7 |      13 |       1 |   7.1
       D:12 |    5124 |   21214 |  80.5 |      21 |      66 |  75.9
       D:13 |    4655 |    1182 |  20.3 |       9 |       5 |  35.7
       D:14 |    9301 |   11771 |  55.9 |      21 |      20 |  48.8
       D:15 |   11438 |    9269 |  44.8 |      32 |      15 |  31.9
     Temple |    1272 |       0 |   0.0 |       7 |       0 |   0.0
     Lair:1 |    7257 |       0 |   0.0 |      32 |       0 |   0.0
     Lair:2 |    3220 |     881 |  21.5 |      19 |       1 |   5.0
     Lair:3 |    3873 |    1098 |  22.1 |      12 |       6 |  33.3
     Lair:4 |    5544 |    2949 |  34.7 |      23 |      10 |  30.3
     Lair:5 |    2519 |      91 |   3.5 |      13 |       6 |  31.6
     Lair:6 |    7890 |   18675 |  70.3 |      27 |      42 |  60.9
   Shoals:1 |   12955 |       0 |   0.0 |      24 |       0 |   0.0
   Shoals:2 |    6846 |    4218 |  38.1 |      14 |       6 |  30.0
   Shoals:3 |    4329 |       0 |   0.0 |       9 |       0 |   0.0
   Shoals:4 |   21979 |   32228 |  59.5 |      47 |      63 |  57.3
   Spider:1 |   16890 |    2252 |  11.8 |      47 |       7 |  13.0
   Spider:2 |   11734 |    5650 |  32.5 |      33 |      15 |  31.2
   Spider:3 |   17015 |       0 |   0.0 |      42 |       0 |   0.0
   Spider:4 |   23563 |   24482 |  51.0 |      55 |      46 |  45.5
      Orc:1 |    5117 |     300 |   5.5 |      42 |      11 |  20.8
      Orc:2 |    3251 |   14304 |  81.5 |      25 |      84 |  77.1
      Elf:1 |   30979 |    8665 |  21.9 |      47 |      15 |  24.2
      Elf:2 |    8458 |   27218 |  76.3 |      13 |      39 |  75.0
      Elf:3 |   15752 |   33227 |  67.8 |      27 |      30 |  52.6
   Vaults:1 |   13909 |    6455 |  31.7 |      24 |      13 |  35.1
   Vaults:2 |   28066 |   32765 |  53.9 |      36 |      41 |  53.2
   Vaults:3 |   27358 |   19701 |  41.9 |      44 |      22 |  33.3
   Vaults:4 |   24182 |   36274 |  60.0 |      32 |      44 |  57.9
   Vaults:5 |   27003 |   96757 |  78.2 |      44 |      84 |  65.6
   Depths:1 |   20565 |   23126 |  52.9 |      27 |      27 |  50.0
   Depths:2 |   27521 |   25250 |  47.8 |      35 |      26 |  42.6
   Depths:3 |    1102 |  123524 |  99.1 |       1 |     110 |  99.1
   Depths:4 |   34911 |   74266 |  68.0 |      38 |      69 |  64.5
      Zot:1 |   41699 |   33405 |  44.5 |      37 |      27 |  42.2
      Zot:2 |   49912 |    6359 |  11.3 |      40 |       4 |   9.1
      Zot:3 |   48152 |       0 |   0.0 |      41 |       0 |   0.0
      Zot:4 |   17432 |   13630 |  43.9 |      15 |      11 |  42.3
      Zot:5 |   26878 |   22524 |  45.6 |      22 |      10 |  31.2
            +---------+---------+-------+---------+---------+-------

Illustrated notes

Table legend:
 A = Kills in this place as a percentage of kills in entire the game.
 B = Kills by you in this place as a percentage of kills by you in the entire game.
 C = Kills by friends in this place as a percentage of kills by friends in the entire game.
 D = Other kills in this place as a percentage of other kills in the entire game.
 E = Experience gained in this place as a percentage of experience gained in the entire game.
 F = Experience gained in this place divided by the number of levels of this place that you have seen.
                   A       B       C       D       E      F
               +-------+-------+-------+-------+-------+----------------------
         Total | 100.0 | 100.0 |   N/A | 100.0 | 100.0 | 28283.1
       Dungeon |  18.7 |  18.7 |   N/A |  50.0 |   7.0 | 6431.1
        Temple |   0.3 |   0.3 |   N/A |   0.0 |   0.1 | 1272.0
          Lair |   8.3 |   8.3 |   N/A |   0.0 |   3.9 | 8999.5
        Shoals |   7.1 |   7.1 |   N/A |   0.0 |   6.0 | 20638.8
   Spider Nest |  10.7 |  10.7 |   N/A |   0.0 |   7.3 | 25396.5
  Orcish Mines |   7.1 |   7.1 |   N/A |   0.0 |   1.7 | 11486.0
   Elven Halls |   7.5 |   7.4 |   N/A |  50.0 |   9.0 | 41433.0
        Vaults |  16.8 |  16.8 |   N/A |   0.0 |  22.5 | 62494.0
        Depths |  14.5 |  14.5 |   N/A |   0.0 |  23.8 | 82566.2
           Zot |   9.0 |   9.0 |   N/A |   0.0 |  18.8 | 51998.2
               +-------+-------+-------+-------+-------+----------------------

Table legend: (Time is in decaauts)
 A = Elapsed time spent in this place.
 B = Non-inter-level travel time spent in this place.
 C = Inter-level travel time spent in this place.
 D = Time resting spent in this place.
 E = Time spent auto-exploring this place.
 F = Levels seen in this place.
 G = Mean time per level.
                   A        B        C        D        E       F      G
               +--------+--------+--------+--------+--------+-----+--------+
         Total |  87162 |  80625 |   6537 |  22293 |  41832 |  49 | 1778.8 |
       Dungeon |  22477 |  20221 |   2256 |   2838 |  14509 |  15 | 1498.5 |
        Temple |    585 |    548 |     37 |     69 |    341 |   1 |  585.0 |
          Lair |  11436 |  10485 |    951 |   2461 |   6554 |   6 | 1906.0 |
        Shoals |   6215 |   5931 |    284 |   1672 |   3331 |   4 | 1553.8 |
   Spider Nest |   6904 |   6772 |    132 |   2000 |   3313 |   4 | 1726.0 |
  Orcish Mines |   3891 |   3523 |    368 |   1061 |   1648 |   2 | 1945.5 |
   Elven Halls |   4291 |   3918 |    373 |    594 |   1600 |   3 | 1430.3 |
        Vaults |  12703 |  11490 |   1213 |   4203 |   4068 |   5 | 2540.6 |
        Depths |  10835 |  10400 |    435 |   3936 |   4619 |   4 | 2708.8 |
           Zot |   7822 |   7338 |    484 |   3458 |   1847 |   5 | 1564.4 |
               +--------+--------+--------+--------+--------+-----+--------+

Top non-repeatable levels by time:
Depths:4: 4053 daAuts
Vaults:4: 3645 daAuts
  Lair:6: 3329 daAuts
Depths:3: 2851 daAuts
    D:12: 2645 daAuts
Vaults:2: 2486 daAuts
   Orc:2: 2460 daAuts
Shoals:4: 2392 daAuts
Vaults:3: 2324 daAuts
Vaults:1: 2266 daAuts
Spider:4: 2262 daAuts
   Zot:2: 2242 daAuts
Spider:3: 2179 daAuts
  Lair:4: 2069 daAuts
    D:11: 2061 daAuts
